Workbook
Name \0: #REF!
Name \0: #REF!
Name \0: #REF!
Name \0: #REF!
Name \0: #REF!
Name \a: #REF!
Name \a: #REF!
Name \a: #REF!
Name \a: #REF!
Name \a: #REF!
Name \c: [1]PLMUSEU!#REF!
Name \c: [1]PLMUSEU!#REF!
Name \c: [1]PLMUSEU!#REF!
Name \c: [1]PLMUSEU!#REF!
Name \c: [1]PLMUSEU!#REF!
Name \d: '[2]Bm 8'!#REF!
Name \d: '[2]Bm 8'!#REF!
Name \d: '[2]Bm 8'!#REF!
Name \d: '[2]Bm 8'!#REF!
Name \d: '[2]Bm 8'!#REF!
Name \f: #N/A
Name \I: #REF!
Name \I: #REF!
Name \I: #REF!
Name \I: #REF!
Name \I: #REF!
Name \p: #N/A
Name \q: '[2]Bm 8'!#REF!
Name \q: '[2]Bm 8'!#REF!
Name \q: '[2]Bm 8'!#REF!
Name \q: '[2]Bm 8'!#REF!
Name \q: '[2]Bm 8'!#REF!
Name \S: [3]COMPOS1!#REF!
Name \S: [3]COMPOS1!#REF!
Name \S: [3]COMPOS1!#REF!
Name \S: [3]COMPOS1!#REF!
Name \S: [3]COMPOS1!#REF!
Name \x: [1]PLMUSEU!#REF!
Name \x: [1]PLMUSEU!#REF!
Name \x: [1]PLMUSEU!#REF!
Name \x: [1]PLMUSEU!#REF!
Name \x: [1]PLMUSEU!#REF!
Name \z: [1]PLMUSEU!#REF!
Name \z: [1]PLMUSEU!#REF!
Name \z: [1]PLMUSEU!#REF!
Name \z: [1]PLMUSEU!#REF!
Name \z: [1]PLMUSEU!#REF!
Name ______BOR1: '[2]Bm 8'!#REF!
Name ______BOR1: '[2]Bm 8'!#REF!
Name ______BOR1: '[2]Bm 8'!#REF!
Name ______BOR1: '[2]Bm 8'!#REF!
Name ______BOR1: '[2]Bm 8'!#REF!
Name ____Ele200502: #REF!
Name ____Ele200502: #REF!
Name ____Ele200502: #REF!
Name ____Ele200502: #REF!
Name ____Ele200502: #REF!
Name ____Ele200609: #REF!
Name ____Ele200609: #REF!
Name ____Ele200609: #REF!

Sheet Memória de calculo
A1: PLANILHA ORÇAMENTÁRIA
A2: OBRA: | B2: UNIDADE BÁSICA DE SAÚDE - TRÊS BARRAS DA ESTRADA REAL
A3: ENDEREÇO: RUA SÃO GERALDO S/N
A4: ITEM | B4: CÓDIGO | C4: REFERÊNCIA | D4: ETAPA | E4: UNIDADE | F4: QUANT. | G4: MEMÓRIA DE CÁLCULO
A6: 1 | D6: ADMINISTRAÇÃO LOCAL
A7: 1.1 | B7: 4813 | C7: Sinapi | D7: =VLOOKUP(B7,'REF. CUSTO'!A:D,2,) -> PLACA DE OBRA (PARA CONSTRUCAO CIVIL) EM CHAPA GALVANIZADA *N. 22*, ADESIVADA, DE *2,4 X 1,2* M (SEM POSTES PARA FIXACAO) | E7: =VLOOKUP(B7,'REF. CUSTO'!A:D,3,) -> M2 | F7: 4.5
A8: 1.3 | B8: ED-17989 | C8: SETOP | D8: =VLOOKUP(B8,'REF. CUSTO'!A:D,2,) -> LOCAÇÃO DE OBRA COM GABARITO DE TÁBUAS CORRIDAS PONTALETADAS A CADA 2,00M, REAPROVEITAMENTO (2X), INCLUSIVE ACOMPANHAMENTO DE EQUIPE TOPOGRÁFICA PARA MARCAÇÃO DE PONTO TOPOGRÁFICO | E8: =VLOOKUP(B8,'REF. CUSTO'!A:D,3,) -> m | F8: 48.25 | G8: 10,80+11,60+3,85+1,75+6,95+13,30 ==> Total = 48,25
A9: 2 | D9: TERRAPLENAGEM FUNDAÇÃO, PILARES E VIGAS
A10: 2.1 | B10: ED-51107 | C10: SETOP | D10: =VLOOKUP(B10,'REF. CUSTO'!A:D,2,) -> ESCAVAÇÃO MANUAL DE VALA COM PROFUNDIDADE MENOR OU IGUAL A 1,5M, INCLUSIVE DESCARGA LATERAL | E10: =VLOOKUP(B10,'REF. CUSTO'!A:D,3,) -> m3 | F10: 16.01 | G10: vigas (( 0,30 x 0,45 x 66,45 ) = 8,97 )) sapatas total 11 ( 0,80 X 0,80 X 1,00 ) x 11 = 7,04 ==> 8,97+7,04 - Total = 16,01
A11: 2.2 | B11: ED-51093 | C11: SETOP | D11: =VLOOKUP(B11,'REF. CUSTO'!A:D,2,) -> APILOAMENTO MANUAL EM FUNDO DE VALA COM SOQUETE, EXCLUSIVE ESCAVAÇÃO | E11: =VLOOKUP(B11,'REF. CUSTO'!A:D,3,) -> m2 | F11: 26.97 | G11: vigas 0,30 x 66,45 = 19,93 / sapatas total 11 ( 0,80 x 0,80 x 11 = 7,04) / total 19,93+7,04 ==> Total = 26,97
A12: 2.3 | B12: ED-51120 | C12: SETOP | D12: =VLOOKUP(B12,'REF. CUSTO'!A:D,2,) -> REATERRO MANUAL DE VALA, INCLUSIVE ESPALHAMENTO E COMPACTAÇÃO MANUAL COM SOQUETE | E12: =VLOOKUP(B12,'REF. CUSTO'!A:D,3,) -> m3 | F12: 12.37 | G12: vigas 0,80 x 0,80 x 0,60 x 11 = 4,22 / piso (12,02 x 2) + 9,25 + 22,78 + 8,84 + 3,74 + 4,40 + (1,50 x 2 x 2 ) + 2,70 = 81,75 x 0,10 = 8,15 ==> Total = 4,22 + 8,15 = 12,37
A13: 2.4 | B13: ED-8571 | C13: SETOP | D13: =VLOOKUP(B13,'REF. CUSTO'!A:D,2,) -> FÔRMA E DESFORMA PARA VIGA-CINTA/BLOCO COM COMPENSADO PLASTIFICADO, ESP. 12MM, REAPROVEITAMENTO (3X) (FUNDAÇÃO) | E13: =VLOOKUP(B13,'REF. CUSTO'!A:D,3,) -> m2 | F13: 39.87 | G13: 9,60 + 11,35 + 4,00 + 3,85 + 11,35 + ( 3,70 x 4,00 ) + 4,65+ 2,20 + 4,65 = 66,45 - / Total = 66,45 x 0,30x 2= 39,87
A14: 2.5 | B14: ED-49813 | C14: SETOP | D14: =VLOOKUP(B14,'REF. CUSTO'!A:D,2,) -> LASTRO DE BRITA COM PEDRA BRITADA NÚMERO 2 E 3, INCLUSIVE ADENSAMENTO E APILOAMENTO MANUAL | E14: =VLOOKUP(B14,'REF. CUSTO'!A:D,3,) -> m3 | F14: 1.35 | G14: sapata - 0,80 x 0,80 x 0,05 x 11 = 0,35 / viga total - 66,45 x 0,30 x 0,05 = 0,99 / total = 0,35 + 0,99 = 1,35
A15: 2.6 | B15: ED-50600 | C15: SETOP | D15: =VLOOKUP(B15,'REF. CUSTO'!A:D,2,) -> APLICAÇÃO DE LONA PRETA, ESP. 150 MICRAS, INCLUSIVE FORNECIMENTO | E15: =VLOOKUP(B15,'REF. CUSTO'!A:D,3,) -> m2 | F15: 81.75 | G15: piso (12,02 x 2) + 9,25 + 22,78 + 8,84 + 3,74 + 4,40 + (1,50 x 2 x 2 ) + 2,70 - / Total = 81,75
A16: 2.7 | B16: 92803 | C16: Sinapi | D16: =VLOOKUP(B16,'REF. CUSTO'!A:D,2,) -> #N/A | E16: =VLOOKUP(B16,'REF. CUSTO'!A:D,3,) -> #N/A | F16: 490.62 | G16: vigas e cinta ( 66,45 x 2 x 4,00 ) = 531,60 / ( pilares 11 x 4,00 x 4 = 176 ) / (sapatas 8x1,00x11 = 88,00) => 531,60 + 176 + 88 = 795,60 => 795,60÷12 = 66,30 x 7,40 Total = 490,62
A17: 2.8 | B17: 92800 | C17: Sinapi | D17: =VLOOKUP(B17,'REF. CUSTO'!A:D,2,) -> #N/A | E17: =VLOOKUP(B17,'REF. CUSTO'!A:D,3,) -> #N/A | F17: 280.51 | G17: viga e cinta 66,45÷0,20 = 332,25 => 332,25 x 1,20 = 398,70÷12 = 33,22 x 7,40 = 246,64 / pilares - 4 x 11 = 44,00 - 44÷0,20 = 220÷12 = 18,33 => 18,33x1,848 = 33,87 - 246,64 + 33,87 - Total = 280,52
A18: 2.9 | B18: ='REF. CUSTO'!#REF! -> #REF! | C18: SETOP | D18: =VLOOKUP(B18,'REF. CUSTO'!A:D,2,) -> #REF! | E18: =VLOOKUP(B18,'REF. CUSTO'!A:D,3,) -> #REF! | F18: 15.4 | G18: sapata - 0,80 x 0,80 x 0,30 x 11 = 2,11 / viga - 66,45 x 0,30 x 0,20 = 3,98 / piso 81,75 x 0,10 = 8,17 / pilares 11 x 0,20 x 0,20 x 2,60 = 1,14 - 2,11 + 3,98 + 8,17 + 1,14 = Total = 15,4
A19: 2.10 | B19: ED-51105 | C19: SETOP | D19: =VLOOKUP(B19,'REF. CUSTO'!A:D,2,) -> ESCAVAÇÃO MECÂNICA EM MATERIAL DE 1ª CATEGORIA, INCLUSIVE CARGA EM CAMINHÃO, EXCLUSIVE TRANSPORTE E DESCARGA | E19: =VLOOKUP(B19,'REF. CUSTO'!A:D,3,) -> m3 | F19: 153.16 | G19: (23,00 x 14,00 x 0,40) + (( 8,70 x 14,00 )÷2 x 0,40 ) => 128,80 + 24,36 - Total = 153,16
A20: 2.11 | B20: 97918 | C20: SINAPI | D20: =VLOOKUP(B20,'REF. CUSTO'!A:D,2,) -> #N/A | E20: =VLOOKUP(B20,'REF. CUSTO'!A:D,3,) -> #N/A | F20: 1015.45 | G20: 153,16 x 1700kg = 260,37T => 260,37X3km = 781,11 => 781,11 x 1,3 - Total= 1015,45
A21: 3 | D21: ALVENARIAS E LAJE
A22: 3.2 | B22: ED-48222 | C22: SETOP | D22: =VLOOKUP(B22,'REF. CUSTO'!A:D,2,) -> ALVENARIA DE VEDAÇÃO COM TIJOLO CERÂMICO LAMINADO, 18 FUROS, ESP. 11CM, COM ACABAMENTO APARENTE, INCLUSIVE ARGAMASSA PARA ASSENTAMENTO | E22: =VLOOKUP(B22,'REF. CUSTO'!A:D,3,) -> m2 | F22: 167.79 | G22: 9,60 + 11,35 + 2,00 + 2,00 + 3,85 + 11,35 = 40,15 ( 3,70 x 4 )+( 4,65 x 4 ) + 3,85 = 37,25 40,15 + 37,25 = 77,40 77,40 x 2,60 = 201,24 201,24 - 33,45( vãos portas e janelas) ==> Total = 167,79
A23: 3.3 | B23: ED-50727 | C23: SETOP | D23: =VLOOKUP(B23,'REF. CUSTO'!A:D,2,) -> CHAPISCO COM ARGAMASSA, TRAÇO 1:3 (CIMENTO E AREIA), ESP. 5MM, APLICADO EM ALVENARIA/ESTRUTURA DE CONCRETO COM COLHER, INCLUSIVE ARGAMASSA COM PREPARO MECANIZADO | E23: =VLOOKUP(B23,'REF. CUSTO'!A:D,3,) -> m2 | F23: 335.58 | G23: 9,60 + 11,35 + 2,00 + 2,00 + 3,85 + 11,35 = 40,15 ( 3,70 x 4 )+( 4,65 x 4 ) + 3,85 = 37,25 40,15 + 37,25 = 77,40 77,40 x 2,60 = 201,24 201,24 - 33,45( vãos portas e janelas) = 167,79 167,79 x 2 ( dois lados ) ==> Total = 335,58
B24: 87531 | C24: SETOP | D24: =VLOOKUP(B24,'REF. CUSTO'!A:D,2,) -> #N/A | E24: =VLOOKUP(B24,'REF. CUSTO'!A:D,3,) -> #N/A | F24: 335.58 | G24: 9,60 + 11,35 + 2,00 + 2,00 + 3,85 + 11,35 = 40,15 ( 3,70 x 4 )+( 4,65 x 4 ) + 3,85 = 37,25 40,15 + 37,25 = 77,40 77,40 x 2,60 = 201,24 201,24 - 33,45( vãos portas e janelas) = 167,79 167,79 x 2 ( dois lados ) ==> Total = 335,58
A25: 3.4 | B25: ED-50761 | C25: SETOP | D25: =VLOOKUP(B25,'REF. CUSTO'!A:D,2,) -> REBOCO COM ARGAMASSA, TRAÇO 1:2:8 (CIMENTO, CAL E AREIA), ESP. 20MM, APLICAÇÃO MANUAL, INCLUSIVE ARGAMASSA COM PREPARO MECANIZADO, EXCLUSIVE CHAPISCO | E25: =VLOOKUP(B25,'REF. CUSTO'!A:D,3,) -> m2 | F25: 264.22 | G25: banheiro 2x (( 1,50 x 2 ) + ( 2,00 x 2,00 ) x 1,60)) ==> 7,00 x 1,60 = 11,20 11,20 x 2 = 22,40 fraldario ( 1,35 x 2 ) + ( 2,00 x 2,00 ) x 1,60 ==> 6,70 x 1,60 = 10,72 cozinha ( 3,85 x 2 ) + (2,30 x 2 ) x1,60 ==> 12,30 x 1,60 = 19,68 banheio ( 2,20 x 2 ) + ( 2,00 x 2 ) x 1,60 ==> 8,40 x 1,60 = 13,44 depósito ( 1,70 x 2 ) + ( 2,20 x 2 ) x1,60 ==> 7,80 x 1,60 = 12,48 soma - 22,40 + 10,72 + 19,68 + 13,44 + 12,48 = 78,72 vãos de portas = 7,36 78,72 - 7,36 = 71,36 área total a rebocar menos área total de emboço 335,58 - 71,36 ==> Total = 264,22
A26: 3.5 | B26: ='REF. CUSTO'!#REF! -> #REF! | C26: Sinapi | D26: =VLOOKUP(B26,'REF. CUSTO'!A:D,2,) -> #REF! | E26: =VLOOKUP(B26,'REF. CUSTO'!A:D,3,) -> #REF! | F26: 32.06 | G26: P1- 1,50 x 2,10 - 1,50 x 0,20 = 0,30 x 2 + 1,50 = 2,10 x 1 = 2,10 P2- 0,80 x 2,10 - 0,80 x 0,20 = 0,16 x 2 + 0,80 = 1,12 x 3 = 3,36 P3- 0,80 x 2,10 - 0,80 x 0,20 = 0,16 x 2 + 0,80 = 1,12 x 4 = 4,48 P4- 0,70 x 2,10 - 0,70 x 0,20 = 0,14 x 2 + 0,70 = 0,98 x 2 = 1,96 J1- 1,20 x 1,20 - 1,20 x 0,20 = 0,24 x 2 +1,20 = 1,68 x 10 = 16,80 J2- 0,60 x 0,50 - 0,60 x 0,20 = 0,12 x 2 + 0,60 = 0,84 x 4 = 3,36 => total = 32,06
A27: 3.6 | B27: 93194 | C27: Sinapi | D27: =VLOOKUP(B27,'REF. CUSTO'!A:D,2,) -> #N/A | E27: =VLOOKUP(B27,'REF. CUSTO'!A:D,3,) -> #N/A | F27: 20.16 | G27: J1- 1,20 x 1,20 - 1,20 x 0,20 = 0,24 x 2 + 1,20 = 1,68 x 10 = 16,80 J2- 0,60 x 0,50 - 0,60 x 0,20 = 0,12 x 2 + 0,60 = 0,84 x 4 = 3,36 => Total = 20,16
A28: 3.7 | B28: 93205 | C28: Sinapi | D28: =VLOOKUP(B28,'REF. CUSTO'!A:D,2,) -> #N/A | E28: =VLOOKUP(B28,'REF. CUSTO'!A:D,3,) -> #N/A | F28: 77.4 | G28: 9,60 + 11,35 + 2,00 + 2,00 + 3,85 + 11,35 = 40,15 ( 3,70 x 4 )+( 4,65 x 4 ) + 3,85 = 37,25 40,15 + 37,25 = Total - 77,40
A29: 3.8 | B29: 101964 | C29: =C28 -> Sinapi | D29: =VLOOKUP(B29,'REF. CUSTO'!A:D,2,) -> #N/A | E29: =VLOOKUP(B29,'REF. CUSTO'!A:D,3,) -> #N/A | F29: 93.14 | G29: 8,80 x 9,60 + 1,75 x 4,95 = => 84,48 + 8,66 - Total = 93,14
A30: 4 | D30: COBERTURA
A31: 4.1 | B31: ED-48407 | C31: SETOP | D31: =VLOOKUP(B31,'REF. CUSTO'!A:D,2,) -> ENGRADAMENTO EM MADEIRA PARAJU OU EQUIVALENTE, PARA TELHAS CERÂMICAS OU DE CONCRETO, EXCLUSIVE TELHAS | E31: =VLOOKUP(B31,'REF. CUSTO'!A:D,3,) -> m2 | F31: 114.29 | G31: ( 10,60 x 9,80 ) + ( 1,75 x 5,95 ) 103,88 + 10,41 = Total - 114,29
A32: 4.2 | B32: ED-48420 | C32: SETOP | D32: =VLOOKUP(B32,'REF. CUSTO'!A:D,2,) -> COBERTURA EM TELHA CERÂMICA, TIPO PLAN, INCLUSIVE FIXAÇÃO, EXCLUSIVE ENGRADAMENTO E MANTA ISOLANTE/TÉRMICA | E32: =VLOOKUP(B32,'REF. CUSTO'!A:D,3,) -> m2 | F32: 114.29 | G32: ( 10,60 x 9,80 ) + ( 1,75 x 5,95 ) 103,88 + 10,41 = Total - 114,29
A33: 4.3 | B33: ED-48406 | C33: SETOP | D33: =VLOOKUP(B33,'REF. CUSTO'!A:D,2,) -> EMBOÇAMENTO DE TELHA CERÂMICA COM ARGAMASSA, TRAÇO 1:2:9 (CIMENTO, CAL E AREIA), COM PREPARO MECANIZADO, EXCLUSIVE TELHA | E33: =VLOOKUP(B33,'REF. CUSTO'!A:D,3,) -> m | F33: 125.8 | G33: espigão / agua furtada ( 6,80 x 3 ) + 2,75 + ( 4,10 x 3 ) + 1,75 20,40 + 2,75 + 12,30 + 1,75 = 37,20 beiral / testeira 10,60 + 9,80 + 12,35 + 5,95 + 1,75 + 3,85 =44,30 x 2 = 88,60 total : 37,20 + 88,60 = Total - 125,80
A34: 4.4 | B34: ED-50661 | C34: SETOP | D34: =VLOOKUP(B34,'REF. CUSTO'!A:D,2,) -> CALHA EM CHAPA GALVANIZADA, ESP. 0,5MM (GSG-26), COM DESENVOLVIMENTO DE 33CM, INCLUSIVE IÇAMENTO MANUAL VERTICAL | E34: =VLOOKUP(B34,'REF. CUSTO'!A:D,3,) -> m | F34: 44.3 | G34: beiral / testeira 10,60 + 9,80 + 12,35 + 5,95 + 1,75 + 3,85 = Total - 44,30
A35: 4.5 | B35: ED-50685 | D35: =VLOOKUP(B35,'REF. CUSTO'!A:D,2,) -> RUFO E CONTRARRUFO EM CHAPA GALVANIZADA, ESP. 0,5MM (GSG-26), COM DESENVOLVIMENTO DE 33CM, INCLUSIVE IÇAMENTO MANUAL VERTICAL | E35: =VLOOKUP(B35,'REF. CUSTO'!A:D,3,) -> m | F35: 4.1 | G35: agua furtada = 4,10
A36: 5 | D36: ESQUADRIAS
A37: 5.1 | B37: 90844 | C37: Sinapi | D37: =VLOOKUP(B37,'REF. CUSTO'!A:D,2,) -> #N/A | E37: =VLOOKUP(B37,'REF. CUSTO'!A:D,3,) -> #N/A | F37: 1 | G37: Conforme projeto
A38: 5.2 | B38: 90843 | C38: Sinapi | D38: =VLOOKUP(B38,'REF. CUSTO'!A:D,2,) -> #N/A | E38: =VLOOKUP(B38,'REF. CUSTO'!A:D,3,) -> #N/A | F38: 9 | G38: Conforme projeto
A39: 5.3 | B39: ED-49591 | C39: SETOP | D39: =VLOOKUP(B39,'REF. CUSTO'!A:D,2,) -> MARCO DE MADEIRA, DIMENSÃO (80X210)CM, LARGURA DE 14CM, ACABAMENTO NATURAL PARA PINTURA/VERNIZ, INCLUSIVE ASSENTAMENTO, EXCLUSIVE FOLHA DE PORTA, FERRAGENS E PINTURA/VERNIZ | E39: =VLOOKUP(B39,'REF. CUSTO'!A:D,3,) -> un | F39: 10 | G39: Conforme projeto
A40: 5.4 | B40: ED-49584 | C40: SETOP | D40: =VLOOKUP(B40,'REF. CUSTO'!A:D,2,) -> FOLHA DE PORTA EM MADEIRA, LARGURA MENOR OU IGUAL A 60CM, ALTURA MENOR OU IGUAL A 180CM, COM ACABAMENTO NATURAL PARA PINTURA/VERNIZ, TIPO PRANCHETA/SARRAFEADA, INCLUSIVE ASSENTAMENTO, EXCLUSIVE MARCO, FERRAGENS E PINTURA/VERNIZ | E40: =VLOOKUP(B40,'REF. CUSTO'!A:D,3,) -> un | F40: 2 | G40: Conforme projeto
A41: 5.5 | B41: 100665 | C41: Sinapi | D41: =VLOOKUP(B41,'REF. CUSTO'!A:D,2,) -> #N/A | E41: =VLOOKUP(B41,'REF. CUSTO'!A:D,3,) -> #N/A | F41: 14.4 | G41: J1- 1,20 x 1,20 - 1,44 x 10 ( total de janelas) = Total 14,40
A42: 5.6 | B42: 100668 | C42: Sinapi | D42: =VLOOKUP(B42,'REF. CUSTO'!A:D,2,) -> #N/A | E42: =VLOOKUP(B42,'REF. CUSTO'!A:D,3,) -> #N/A | F42: 1.2 | G42: J2- 0,60 x 0,50 = 0,30 x 4 - Total = 1,20
A43: 6 | D43: INSTALAÇÕES ELÉTRICAS
A44: 6.1 | B44: ='REF. CUSTO'!#REF! -> #REF! | C44: SETOP | D44: =VLOOKUP(B44,'REF. CUSTO'!A:D,2,) -> #REF! | E44: =VLOOKUP(B44,'REF. CUSTO'!A:D,3,) -> #REF! | F44: 6 | G44: Conforme projeto
A45: 6.2 | B45: ='REF. CUSTO'!A21488 -> MATED-11695 | C45: SETOP | D45: =VLOOKUP(B45,'REF. CUSTO'!A:D,2,) -> SIFÃO (TIPO: COPO|MATERIAL: PVC|COR: BRANCA|DIÂMETRO DE ENTRADA: 1.1/4"|DIÂMETRO DE SAÍDA: 1.1/2"|APLICAÇÃO RECOMENDADA: TANQUE) | E45: =VLOOKUP(B45,'REF. CUSTO'!A:D,3,) -> un | F45: 10 | G45: Conforme projeto
A46: 6.3 | B46: 101876 | C46: Sinapi | D46: =VLOOKUP(B46,'REF. CUSTO'!A:D,2,) -> #N/A | E46: =VLOOKUP(B46,'REF. CUSTO'!A:D,3,) -> #N/A | F46: 1 | G46: Conforme projeto
A47: 6.4 | B47: ED-13356 | C47: SETOP | D47: =VLOOKUP(B47,'REF. CUSTO'!A:D,2,) -> LUMINÁRIA PLAFON REDONDO DE VIDRO JATEADO REDONDO COMPLETA, DIÂMETRO 25 CM, PARA UMA (1) LÂMPADA LED, POTÊNCIA 9W, BULBO A60, FORNECIMENTO E INSTALAÇÃO, INCLUSIVE BASE E LÂMPADA | E47: =VLOOKUP(B47,'REF. CUSTO'!A:D,3,) -> un | F47: 6 | G47: Conforme projeto
A48: 6.5 | B48: ='REF. CUSTO'!#REF! -> #REF! | C48: Sinapi | D48: =VLOOKUP(B48,'REF. CUSTO'!A:D,2,) -> #REF! | E48: =VLOOKUP(B48,'REF. CUSTO'!A:D,3,) -> #REF! | F48: 5 | G48: Conforme projeto
A49: 6.6 | B49: ='REF. CUSTO'!#REF! -> #REF! | C49: Sinapi | D49: =VLOOKUP(B49,'REF. CUSTO'!A:D,2,) -> #REF! | E49: =VLOOKUP(B49,'REF. CUSTO'!A:D,3,) -> #REF! | F49: 2 | G49: Conforme projeto
A50: 6.7 | B50: ='REF. CUSTO'!#REF! -> #REF! | C50: Sinapi | D50: =VLOOKUP(B50,'REF. CUSTO'!A:D,2,) -> #REF! | E50: =VLOOKUP(B50,'REF. CUSTO'!A:D,3,) -> #REF! | F50: 11 | G50: Conforme projeto
A51: 6.8 | B51: ED-15756 | C51: SETOP | D51: =VLOOKUP(B51,'REF. CUSTO'!A:D,2,) -> CONJUNTO DE DUAS (2) TOMADAS PADRÃO, TRÊS (3) POLOS, CORRENTE 20A, TENSÃO 250V, (2P+T/20A-250V), COM PLACA 4"X2" DE DOIS (2) POSTOS, INCLUSIVE FORNECIMENTO, INSTALAÇÃO, SUPORTE, MÓDULO E PLACA | E51: =VLOOKUP(B51,'REF. CUSTO'!A:D,3,) -> un | F51: 2 | G51: Conforme projeto
A52: 6.9 | B52: ED-17992 | C52: SETOP | D52: =VLOOKUP(B52,'REF. CUSTO'!A:D,2,) -> PLACA CEGA PARA CONDULETE, COM DIÂMETRO DE SAÍDA 1.1/4" (32MM), EXCLUSIVE CONDULETE | E52: =VLOOKUP(B52,'REF. CUSTO'!A:D,3,) -> un | F52: 2 | G52: Conforme projeto
A53: 6.10 | B53: 93654 | C53: Sinapi | D53: =VLOOKUP(B53,'REF. CUSTO'!A:D,2,) -> #N/A | E53: =VLOOKUP(B53,'REF. CUSTO'!A:D,3,) -> #N/A | F53: 1 | G53: Conforme projeto
A54: 6.11 | B54: ='REF. CUSTO'!A20896 -> MATED-11944 | C54: SETOP | D54: =VLOOKUP(B54,'REF. CUSTO'!A:D,2,) -> LUMINÁRIA EXTERNA PARA LÂMPADA VAPOR DE MERCÚRIO, SÓDIO E METÁLICO (APLICAÇÃO:VIA PÚBLICA|NÚMERO DE LÂMPADAS: 1|POTÊNCIA: 250W-400 W|TIPO DE ROSCA: E40|REATOR: NÃO INCLUSO) | E54: =VLOOKUP(B54,'REF. CUSTO'!A:D,3,) -> un | F54: 1 | G54: Conforme projeto
A55: 6.12 | B55: ='REF. CUSTO'!#REF! -> #REF! | C55: SETOP | D55: =VLOOKUP(B55,'REF. CUSTO'!A:D,2,) -> #REF! | E55: =VLOOKUP(B55,'REF. CUSTO'!A:D,3,) -> #REF! | F55: 3 | G55: Conforme projeto
A56: 6.13 | B56: ='REF. CUSTO'!#REF! -> #REF! | C56: =C53 -> Sinapi | D56: =VLOOKUP(B56,'REF. CUSTO'!A:D,2,) -> #REF! | E56: =VLOOKUP(B56,'REF. CUSTO'!A:D,3,) -> #REF! | F56: 20 | G56: Conforme projeto
A57: 6.14 | B57: ='REF. CUSTO'!#REF! -> #REF! | C57: SETOP | D57: =VLOOKUP(B57,'REF. CUSTO'!A:D,2,) -> #REF! | E57: =VLOOKUP(B57,'REF. CUSTO'!A:D,3,) -> #REF! | F57: 20 | G57: Conforme projeto
A58: 6.14.1 | B58: ED-20581 | C58: SETOP | D58: =VLOOKUP(B58,'REF. CUSTO'!A:D,2,) -> ENTRADA DE ENERGIA AÉREA, TIPO C1, PADRÃO CEMIG, CARGA INSTALADA DE ATÉ 15KVA, TRIFÁSICO, COM SAÍDA SUBTERRÂNEA, INCLUSIVE POSTE, CAIXA PARA MEDIDOR, DISJUNTOR, BARRAMENTO, ATERRAMENTO E ACESSÓRIOS | E58: =VLOOKUP(B58,'REF. CUSTO'!A:D,3,) -> un | F58: 1 | G58: Conforme projeto
A59: 7 | D59: INSTALAÇÕES HIDRÁULICAS
A60: 7.1 | B60: 95641 | C60: Sinapi | D60: =VLOOKUP(B60,'REF. CUSTO'!A:D,2,) -> #N/A | E60: =VLOOKUP(B60,'REF. CUSTO'!A:D,3,) -> #N/A | F60: 1 | G60: Conforme projeto
A61: 7.2 | B61: 89355 | C61: Sinapi | D61: =VLOOKUP(B61,'REF. CUSTO'!A:D,2,) -> #N/A | E61: =VLOOKUP(B61,'REF. CUSTO'!A:D,3,) -> #N/A | F61: 12 | G61: Conforme projeto
A62: 7.3 | B62: 89356 | C62: Sinapi | D62: =VLOOKUP(B62,'REF. CUSTO'!A:D,2,) -> #N/A | E62: =VLOOKUP(B62,'REF. CUSTO'!A:D,3,) -> #N/A | F62: 25 | G62: Conforme projeto
A63: 7.4 | B63: 89357 | C63: Sinapi | D63: =VLOOKUP(B63,'REF. CUSTO'!A:D,2,) -> #N/A | E63: =VLOOKUP(B63,'REF. CUSTO'!A:D,3,) -> #N/A | F63: 20 | G63: Conforme projeto
A64: 7.5 | B64: 102623 | C64: Sinapi | D64: =VLOOKUP(B64,'REF. CUSTO'!A:D,2,) -> #N/A | E64: =VLOOKUP(B64,'REF. CUSTO'!A:D,3,) -> #N/A | F64: 1 | G64: Conforme projeto
A65: 7.6 | B65: 89353 | C65: Sinapi | D65: =VLOOKUP(B65,'REF. CUSTO'!A:D,2,) -> #N/A | E65: =VLOOKUP(B65,'REF. CUSTO'!A:D,3,) -> #N/A | F65: 1 | G65: Conforme projeto
A66: 7.7 | B66: 89353 | C66: Sinapi | D66: =VLOOKUP(B66,'REF. CUSTO'!A:D,2,) -> #N/A | E66: =VLOOKUP(B66,'REF. CUSTO'!A:D,3,) -> #N/A | F66: 1 | G66: Conforme projeto
A67: 7.8 | B67: 89987 | C67: Sinapi | D67: =VLOOKUP(B67,'REF. CUSTO'!A:D,2,) -> #N/A | E67: =VLOOKUP(B67,'REF. CUSTO'!A:D,3,) -> #N/A | F67: 5 | G67: Conforme projeto
A68: 7.9 | B68: 94795 | C68: Sinapi | D68: =VLOOKUP(B68,'REF. CUSTO'!A:D,2,) -> #N/A | E68: =VLOOKUP(B68,'REF. CUSTO'!A:D,3,) -> #N/A | F68: 1 | G68: Conforme projeto
A69: 7.10 | B69: ED-50298 | C69: SETOP | D69: =VLOOKUP(B69,'REF. CUSTO'!A:D,2,) -> BACIA SANITÁRIA (VASO) DE LOUÇA CONVENCIONAL, COR BRANCA, INCLUSIVE ACESSÓRIOS DE FIXAÇÃO/VEDAÇÃO, VÁLVULA DE DESCARGA METÁLICA COM ACIONAMENTO DUPLO, TUBO DE LIGAÇÃO DE LATÃO COM CANOPLA E REJUNTAMENTO, EXCLUSIVE ASSENTO | E69: =VLOOKUP(B69,'REF. CUSTO'!A:D,3,) -> un | F69: 4 | G69: Conforme projeto
A70: 7.11 | B70: ED-50281 | C70: SETOP | D70: =VLOOKUP(B70,'REF. CUSTO'!A:D,2,) -> LAVATÓRIO DE LOUÇA BRANCA SEM COLUNA, TAMANHO PEQUENO, INCLUSIVE ACESSÓRIOS DE FIXAÇÃO, VÁLVULA DE ESCOAMENTO DE METAL COM ACABAMENTO CROMADO, SIFÃO DE METAL TIPO COPO COM ACABAMENTO CROMADO E REJUNTAMENTO, EXCLUSIVE TORNEIRA E ENGATE FLEXÍVEL | E70: =VLOOKUP(B70,'REF. CUSTO'!A:D,3,) -> un | F70: 4 | G70: Conforme projeto
A71: 7.12 | B71: 11758 | C71: Sinapi | D71: =VLOOKUP(B71,'REF. CUSTO'!A:D,2,) -> SABONETEIRA PLASTICA TIPO DISPENSER PARA SABONETE LIQUIDO COM RESERVATORIO 800 A 1500 ML | E71: =VLOOKUP(B71,'REF. CUSTO'!A:D,3,) -> UN | F71: 4 | G71: Conforme projeto
A72: 7.13 | B72: 93441 | C72: Sinapi | D72: =VLOOKUP(B72,'REF. CUSTO'!A:D,2,) -> #N/A | E72: =VLOOKUP(B72,'REF. CUSTO'!A:D,3,) -> #N/A | F72: 1 | G72: Conforme projeto
A73: 7.15 | B73: 36790 | C73: Sinapi | D73: =VLOOKUP(B73,'REF. CUSTO'!A:D,2,) -> TANQUE DUPLO EM MARMORE SINTETICO COM CUBA LISA E ESFREGADOR, *110 X 60* CM | E73: =VLOOKUP(B73,'REF. CUSTO'!A:D,3,) -> UN | F73: 1 | G73: Conforme projeto
A74: 7.16 | B74: 86915 | C74: Sinapi | D74: =VLOOKUP(B74,'REF. CUSTO'!A:D,2,) -> #N/A | E74: =VLOOKUP(B74,'REF. CUSTO'!A:D,3,) -> #N/A | F74: 4 | G74: Conforme projeto
A75: 7.17 | B75: 86914 | C75: Sinapi | D75: =VLOOKUP(B75,'REF. CUSTO'!A:D,2,) -> #N/A | E75: =VLOOKUP(B75,'REF. CUSTO'!A:D,3,) -> #N/A | F75: 1 | G75: Conforme projeto
A76: 7.18 | B76: 39398 | C76: Sinapi | D76: =VLOOKUP(B76,'REF. CUSTO'!A:D,2,) -> KIT DE ACESSORIOS PARA BANHEIRO EM METAL CROMADO, 5 PECAS | E76: =VLOOKUP(B76,'REF. CUSTO'!A:D,3,) -> UN | F76: 4 | G76: Conforme projeto
A77: 7.19 | B77: 1370 | C77: =C76 -> Sinapi | D77: =VLOOKUP(B77,'REF. CUSTO'!A:D,2,) -> DUCHA HIGIENICA PLASTICA COM REGISTRO METALICO 1/2" | E77: =VLOOKUP(B77,'REF. CUSTO'!A:D,3,) -> UN | F77: 4 | G77: Conforme projeto
A78: 7.20 | B78: 36220 | C78: Sinapi | D78: =VLOOKUP(B78,'REF. CUSTO'!A:D,2,) -> BARRA DE APOIO RETA, EM ALUMINIO, COMPRIMENTO 70CM, DIAMETRO MINIMO 3 CM | E78: =VLOOKUP(B78,'REF. CUSTO'!A:D,3,) -> UN | F78: 2 | G78: Conforme projeto
A79: 7.21 | B79: 36080 | C79: Sinapi | D79: =VLOOKUP(B79,'REF. CUSTO'!A:D,2,) -> BARRA DE APOIO RETA, EM ALUMINIO, COMPRIMENTO 80 CM, DIAMETRO MINIMO 3 CM | E79: =VLOOKUP(B79,'REF. CUSTO'!A:D,3,) -> UN | F79: 4 | G79: Conforme projeto
A80: 8 | D80: INSTALAÇÕES SANITARIAS
A81: 8.1 | B81: 89714 | C81: Sinapi | D81: =VLOOKUP(B81,'REF. CUSTO'!A:D,2,) -> #N/A | E81: =VLOOKUP(B81,'REF. CUSTO'!A:D,3,) -> #N/A | F81: 42 | G81: Conforme projeto
A82: 8.2 | B82: 89712 | C82: Sinapi | D82: =VLOOKUP(B82,'REF. CUSTO'!A:D,2,) -> #N/A | E82: =VLOOKUP(B82,'REF. CUSTO'!A:D,3,) -> #N/A | F82: 30 | G82: Conforme projeto
A83: 8.3 | B83: 89711 | C83: Sinapi | D83: =VLOOKUP(B83,'REF. CUSTO'!A:D,2,) -> #N/A | E83: =VLOOKUP(B83,'REF. CUSTO'!A:D,3,) -> #N/A | F83: 12 | G83: Conforme projeto
A84: 8.4 | B84: ED-50010 | C84: SETOP | D84: =VLOOKUP(B84,'REF. CUSTO'!A:D,2,) -> CAIXA SIFONADA EM PVC COM GRELHA REDONDA 100 X 100 X 40 MM | E84: =VLOOKUP(B84,'REF. CUSTO'!A:D,3,) -> un | F84: 5 | G84: Conforme projeto
A85: 8.5 | B85: ED-49915 | C85: SETOP | D85: =VLOOKUP(B85,'REF. CUSTO'!A:D,2,) -> CAIXA DE DRENAGEM DE INSPEÇÃO/PASSAGEM EM ALVENARIA (60X60X60CM), REVESTIMENTO EM ARGAMASSA COM ADITIVO IMPERMEABILIZANTE, COM TAMPA EM GRELHA, INCLUSIVE ESCAVAÇÃO, REATERRO E TRANSPORTE COM RETIRADA DO MATERIAL ESCAVADO (EM CAÇAMBA) | E85: =VLOOKUP(B85,'REF. CUSTO'!A:D,3,) -> un | F85: 5 | G85: Conforme projeto
A86: 8.6 | B86: ED-49939 | C86: SETOP | D86: =VLOOKUP(B86,'REF. CUSTO'!A:D,2,) -> CAIXA DE GORDURA SIMPLES (CGS), CIRCULAR, EM CONCRETO PRÉ-MOLDADO, CAPACIDADE DE 31L, INCLUSIVE ESCAVAÇÃO, REATERRO, TRANSPORTE E RETIRADA DO MATERIAL ESCAVADO (EM CAÇAMBA) | E86: =VLOOKUP(B86,'REF. CUSTO'!A:D,3,) -> un | F86: 1 | G86: Conforme projeto
A87: 8.7 | B87: 98083 | C87: Sinapi | D87: =VLOOKUP(B87,'REF. CUSTO'!A:D,2,) -> #N/A | E87: =VLOOKUP(B87,'REF. CUSTO'!A:D,3,) -> #N/A | F87: 1 | G87: Conforme projeto
A88: 8.8 | B88: 98079 | C88: Sinapi | D88: =VLOOKUP(B88,'REF. CUSTO'!A:D,2,) -> #N/A | E88: =VLOOKUP(B88,'REF. CUSTO'!A:D,3,) -> #N/A | F88: 1 | G88: Conforme projeto
A89: 9 | D89: PISO/ REVESTIMENTOS/ TETO
A90: 9.1 | B90: ED-50566 | C90: SETOP | D90: =VLOOKUP(B90,'REF. CUSTO'!A:D,2,) -> CONTRAPISO DESEMPENADO COM ARGAMASSA, TRAÇO 1:3 (CIMENTO E AREIA), ESP. 20MM, INCLUSIVE ARGAMASSA COM PREPARO MECANIZADO | E90: =VLOOKUP(B90,'REF. CUSTO'!A:D,3,) -> m2 | F90: 93 | G90: piso (12,02 x 2) + 9,25 + 22,78 + 8,84 + 3,74 + 4,40 + (1,50 x 2 x 2 ) + 2,70 + (4,50 x 2,50) Total = 93,00
A91: 9.2 | B91: 87249 | C91: Sinapi | D91: =VLOOKUP(B91,'REF. CUSTO'!A:D,2,) -> #N/A | E91: =VLOOKUP(B91,'REF. CUSTO'!A:D,3,) -> #N/A | F91: 78.72 | G91: banheiro 2x (( 1,50 x 2 ) + ( 2,00 x 2,00 ) x 1,60)) ==> 7,00 x 1,60 = 11,20 11,20 x 2 = 22,40 fraldario ( 1,35 x 2 ) + ( 2,00 x 2,00 ) x 1,60 ==> 6,70 x 1,60 = 10,72 cozinha ( 3,85 x 2 ) + (2,30 x 2 ) x1,60 ==> 12,30 x 1,60 = 19,68 banheio ( 2,20 x 2 ) + ( 2,00 x 2 ) x 1,60 ==> 8,40 x 1,60 = 13,44 depósito ( 1,70 x 2 ) + ( 2,20 x 2 ) x1,60 ==> 7,80 x 1,60 = 12,48 soma - 22,40 + 10,72 + 19,68 + 13,44 + 12,48 = Total - 78,72
A92: 9.3 | B92: 87251 | C92: Sinapi | D92: =VLOOKUP(B92,'REF. CUSTO'!A:D,2,) -> #N/A | E92: =VLOOKUP(B92,'REF. CUSTO'!A:D,3,) -> #N/A | F92: 107.05 | G92: piso (12,02 x 2) + 9,25 + 22,78 + 8,84 + 3,74 + 4,40 + (1,50 x 2 x 2 ) + 2,70 + (4,50 x 2,50) 93,00 + 10 % = 102,30 rodapé ( 13,90+12,40+13,90+19,10 ) x0,08 = 4,75 ==> 102,30+4,75 Total = 107,05
A93: 9.4 | B93: ED-50727 | C93: =C90 -> SETOP | D93: =VLOOKUP(B93,'REF. CUSTO'!A:D,2,) -> CHAPISCO COM ARGAMASSA, TRAÇO 1:3 (CIMENTO E AREIA), ESP. 5MM, APLICADO EM ALVENARIA/ESTRUTURA DE CONCRETO COM COLHER, INCLUSIVE ARGAMASSA COM PREPARO MECANIZADO | E93: =VLOOKUP(B93,'REF. CUSTO'!A:D,3,) -> m2 | F93: 81.75 | G93: Teto- (12,02 x 2) + 9,25 + 22,78 + 8,84 + 3,74 + 4,40 + (1,50 x 2 x 2 ) + 2,70 - Total = 81,75
A94: 9.5 | B94: ED-50761 | C94: =C96 -> sinapi | D94: =VLOOKUP(B94,'REF. CUSTO'!A:D,2,) -> REBOCO COM ARGAMASSA, TRAÇO 1:2:8 (CIMENTO, CAL E AREIA), ESP. 20MM, APLICAÇÃO MANUAL, INCLUSIVE ARGAMASSA COM PREPARO MECANIZADO, EXCLUSIVE CHAPISCO | E94: =VLOOKUP(B94,'REF. CUSTO'!A:D,3,) -> m2 | F94: 81.75 | G94: Teto- (12,02 x 2) + 9,25 + 22,78 + 8,84 + 3,74 + 4,40 + (1,50 x 2 x 2 ) + 2,70 - Total = 81,75
A95: 9.6 | B95: ED-50514 | C95: SETOP | D95: =VLOOKUP(B95,'REF. CUSTO'!A:D,2,) -> PREPARAÇÃO PARA EMASSAMENTO OU PINTURA (LÁTEX/ACRÍLICA) EM PAREDE, INCLUSIVE UMA (1) DEMÃO DE SELADOR ACRÍLICO | E95: =VLOOKUP(B95,'REF. CUSTO'!A:D,3,) -> m2 | F95: 81.75 | G95: Teto- (12,02 x 2) + 9,25 + 22,78 + 8,84 + 3,74 + 4,40 + (1,50 x 2 x 2 ) + 2,70 - Total = 81,75
A96: 9.7 | B96: 88489 | C96: sinapi | D96: =VLOOKUP(B96,'REF. CUSTO'!A:D,2,) -> #N/A | E96: =VLOOKUP(B96,'REF. CUSTO'!A:D,3,) -> #N/A | F96: 81.75 | G96: Teto-(12,02 x 2) + 9,25 + 22,78 + 8,84 + 3,74 + 4,40 + (1,50 x 2 x 2 ) + 2,70 - Total = 81,75
A97: 10 | D97: PINTURA
A98: 10.1 | B98: ED-50514 | C98: =C95 -> SETOP | D98: =VLOOKUP(B98,'REF. CUSTO'!A:D,2,) -> PREPARAÇÃO PARA EMASSAMENTO OU PINTURA (LÁTEX/ACRÍLICA) EM PAREDE, INCLUSIVE UMA (1) DEMÃO DE SELADOR ACRÍLICO | E98: =VLOOKUP(B98,'REF. CUSTO'!A:D,3,) -> m2 | F98: 256.86 | G98: 9,60 + 11,35 + 2,00 + 2,00 + 3,85 + 11,35 = 40,15 ( 3,70 x 4 )+( 4,65 x 4 ) + 3,85 = 37,25 40,15 + 37,25 = 77,40 77,40 x 2,80 = 216,72 216,72 - 33,45( vãos portas e janelas) = 183,27 183,27,79 x 2 ( dois lados ) = 335,58 ( retirando o revestimento da parede 78,72 ) 335,58 - 78,72 Total =256,86
A99: 10.2 | B99: 88489 | C99: Sinapi | D99: =VLOOKUP(B99,'REF. CUSTO'!A:D,2,) -> #N/A | E99: =VLOOKUP(B99,'REF. CUSTO'!A:D,3,) -> #N/A | F99: 256.86 | G99: 9,60 + 11,35 + 2,00 + 2,00 + 3,85 + 11,35 = 40,15 ( 3,70 x 4 )+( 4,65 x 4 ) + 3,85 = 37,25 40,15 + 37,25 = 77,40 77,40 x 2,60 = 201,24 201,24 - 33,45( vãos portas e janelas) = 167,79 167,79 x 2 ( dois lados ) = 335,58 obs.(retirando o revestimento da parede 78,72 ) 335,58 - 78,72 Total =256,86
A100: 10.3 | B100: 102193 | C100: Sinapi | D100: =VLOOKUP(B100,'REF. CUSTO'!A:D,2,) -> #N/A | E100: =VLOOKUP(B100,'REF. CUSTO'!A:D,3,) -> #N/A | F100: 66.9 | G100: P1 - 1,50 x 2,10 x1 = 3,15 / P2 - 80 x 210 x 3 = 5,04 / P3 - 80 x 210 x 4 = 6,72 / P4 - 70 x 210 x 2 = 2,94 / J1 - 120 x 120 X 10 = 14,40 / J2 - 60 x 50 X 4 = 1,20 ==> 33,45 x 2 Total = 66,90
A101: 10.4 | B101: 102229 | C101: Sinapi | D101: =VLOOKUP(B101,'REF. CUSTO'!A:D,2,) -> #N/A | E101: =VLOOKUP(B101,'REF. CUSTO'!A:D,3,) -> #N/A | F101: 66.9 | G101: P1 - 1,50 x 2,10 x1 = 3,15 / P2 - 80 x 210 x 3 = 5,04 / P3 - 80 x 210 x 4 = 6,72 / P4 - 70 x 210 x 2 = 2,94 / J1 - 120 x 120 X 10 = 14,40 / J2 - 60 x 50 X 4 = 1,20 ==> 33,45 x 2 Total = 66,90
...

Sheet PLANILHA 
D4: PLANILHA DE SERVIÇOS
D5: EMPRESA :
D6: OBRA: REFORMA DA UBS MACHADINHO | F6: Base Sinapi: 11-2025 | H6: DESONERADO | I6: BDI MAT.: | J6: NA
D7: ENDEREÇO: PRAÇA ALOISIO MIRANDA SN -BAIRRO MACHADINHO - SERRO MG | F7: Base SEINFRA: 10-2025 | I7: BDI SERV.: | J7: ='BDI SERVIÇOS'!B22/100 -> 0.28135561
B8: ITEM | C8: CÓDIGO | D8: REFERÊNCIA | E8: REFORMA UBS MACHADINHO | F8: UNIDADE | G8: R$ UNIT. | H8: R$ UNIT. C/ BDI | I8: QUANT. | J8: R$ TOTAL | K8: PESO
B9: 1 | E9: SERVIÇOS PRELIMINARES | J9: =SUM(J10,J12) -> 4527.9263 | K9: =J9/$J$176 -> 0.016878447
B10: 1.2 | E10: PLACA DE OBRA | J10: =SUM(J11) -> 1511.4102 | K10: =J10/$J$176 -> 0.0056339822
B11: 1.2.1 | C11: ED-16660 | D11: SEINFRA | E11: =VLOOKUP(C11,'REF. CUSTO'!A:D,2,) -> FORNECIMENTO E COLOCAÇÃO DE PLACA DE OBRA EM CHAPA GALVANIZADA #26, ESP. 0,45 MM, PLOTADA COM ADESIVO VINÍLICO, AFIXADA COM REBITES 4,8X40 MM, EM ESTRUTURA METÁLICA DE METALON 20X20 MM, ESP. 1,25 MM, INCLUSIVE SUPORTE EM EUCALIPTO AUTOCLAVADO PINTADO COM TINTA PVA DUAS (2) DEMÃOS | F11: =VLOOKUP(C11,'REF. CUSTO'!A:D,3,) -> m2 | G11: =VLOOKUP(C11,'REF. CUSTO'!A:D,4,) -> 262.12 | H11: =G11*(1+($J$7)) -> 335.86893 | I11: =1.5*3 -> 4.5 | J11: =H11*I11 -> 1511.4102 | K11: =J11/$J$176 -> 0.0056339822
B12: 1.3.1 | E12: ANDAIMES | J12: =SUM(J13:J14) -> 3016.5161 | K12: =J12/$J$176 -> 0.011244464
B13: 1.4 | C13: ED-9076 | D13: SEINFRA | E13: =VLOOKUP(C13,'REF. CUSTO'!A:D,2,) -> FORNECIMENTO DE ANDAIME METÁLICO TUBULAR TIPO TORRE (LOCAÇÃO), INCLUSIVE RODÍZIOS, EXCLUSIVE MONTAGEM E DESMONTAGEM | F13: =VLOOKUP(C13,'REF. CUSTO'!A:D,3,) -> mxmês | G13: =VLOOKUP(C13,'REF. CUSTO'!A:D,4,) -> 22 | H13: =G13*(1+($J$7)) -> 28.189823 | I13: =24*4 -> 96 | J13: =H13*I13 -> 2706.223 | K13: =J13/$J$176 -> 0.010087806
B14: 1.5 | C14: ED-9077 | D14: SEINFRA | E14: =VLOOKUP(C14,'REF. CUSTO'!A:D,2,) -> MONTAGEM E DESMONTAGEM DE ANDAIME METÁLICO TUBULAR TIPO TORRE, EXCLUSIVE FORNECIMENTO DO ANDAIME | F14: =VLOOKUP(C14,'REF. CUSTO'!A:D,3,) -> m | G14: =VLOOKUP(C14,'REF. CUSTO'!A:D,4,) -> 10.09 | H14: =G14*(1+($J$7)) -> 12.928878 | I14: =3*8 -> 24 | J14: =H14*I14 -> 310.29307 | K14: =J14/$J$176 -> 0.0011566586
B15: 2 | E15: ADMINISTRAÇÃO | J15: =SUM(J16:J17) -> 26267.534 | K15: =J15/$J$176 -> 0.09791572
B16: 2.1 | C16: 90776 | D16: SEINFRA | E16: =VLOOKUP(C16,'REF. CUSTO'!A:D,2,) -> ENCARREGADO GERAL COM ENCARGOS COMPLEMENTARES | F16: =VLOOKUP(C16,'REF. CUSTO'!A:D,3,) -> H | G16: =VLOOKUP(C16,'REF. CUSTO'!A:D,4,) -> 65.38 | H16: =G16*(1+($J$7)) -> 83.77503 | I16: ='MEMORIA DE CALCULO'!G9 -> 200 | J16: =H16*I16 -> 16755.006 | K16: =J16/$J$176 -> 0.062456509 | L16: 50 horas mês | M16: 4 meses de obra
B17: 2.2 | C17: 90778 | D17: SINAPI | E17: =VLOOKUP(C17,'REF. CUSTO'!A:D,2,) -> ENGENHEIRO CIVIL DE OBRA PLENO COM ENCARGOS COMPLEMENTARES | F17: =VLOOKUP(C17,'REF. CUSTO'!A:D,3,) -> H | G17: =VLOOKUP(C17,'REF. CUSTO'!A:D,4,) -> 123.73 | H17: =G17*(1+($J$7)) -> 158.54213 | I17: ='MEMORIA DE CALCULO'!G13 -> 60 | J17: =H17*I17 -> 9512.5278 | K17: =J17/$J$176 -> 0.03545921 | L17: 15 horas mês | M17: 4 meses de obra
B18: N I V E L T É R R E O - R U A 00 | K18: =J18/$J$176 -> 0
B19: 3 | E19: REMOÇÃO E INSTALAÇÃO DE ESQUADRIAS | J19: =J20+J22+J27 -> 39593.106 | K19: =J19/$J$176 -> 0.14758856
B20: 3.1 | E20: REMOÇÃO DE ESQUADRIAS | J20: =J21 -> 500.96596 | K20: =J20/$J$176 -> 0.0018674172
B21: 3.1.1 | C21: 97645 | D21: SINAPI | E21: =VLOOKUP(C21,'REF. CUSTO'!A:D,2,) -> REMOÇÃO DE JANELAS, DE FORMA MANUAL, SEM REAPROVEITAMENTO. AF_09/2023 | F21: =VLOOKUP(C21,'REF. CUSTO'!A:D,3,) -> M2 | G21: =VLOOKUP(C21,'REF. CUSTO'!A:D,4,) -> 24.62 | H21: =G21*(1+($J$7)) -> 31.546975 | I21: ='MEMORIA DE CALCULO'!G21 -> 15.88 | J21: =H21*I21 -> 500.96596 | K21: =J21/$J$176 -> 0.0018674172
B22: 3.2 | E22: INSTALAÇÃO DE ESQUADRIAS | J22: =SUM(J23:J26) -> 20272.581 | K22: =J22/$J$176 -> 0.075568737
B23: 3.2.1 | C23: 100667 | D23: SINAPI | E23: =VLOOKUP(C23,'REF. CUSTO'!A:D,2,) -> JANELA DE MADEIRA IMBUIA/CEDRO ARANA/CEDRO ROSAOU EQUIVALENTE, CAIXA DO BATENTE/ MARCO 10 CM, COM DUAS FOLHAS DE ABRIR TIPO VENEZIANAS E 2 FOLHAS GUILHOTINAS PARA VIDRO (VIDROS NÃO INCLUSOS), COM GUARNIÇÃO/ ALIZAR E FERRAGENS, FIXAÇÃO COM PARAFUSOS E ESPUMA EXPANSIVA, EXCLUSIVE CONTRAMARCO - FORNECIMENTO E INSTALAÇÃO. AF_11/2024 | F23: =VLOOKUP(C23,'REF. CUSTO'!A:D,3,) -> M2 | G23: =VLOOKUP(C23,'REF. CUSTO'!A:D,4,) -> 1091.37 | H23: =G23*(1+($J$7)) -> 1398.4331 | I23: ='MEMORIA DE CALCULO'!G27 -> 11 | J23: =H23*I23 -> 15382.764 | K23: =J23/$J$176 -> 0.057341295
B24: 3.2.2 | C24: 10490 | D24: SINAPI | E24: =VLOOKUP(C24,'REF. CUSTO'!A:D,2,) -> VIDRO LISO INCOLOR 2 A 3 MM - SEM COLOCACAO | F24: =VLOOKUP(C24,'REF. CUSTO'!A:D,3,) -> M2 | G24: =VLOOKUP(C24,'REF. CUSTO'!A:D,4,) -> 91 | H24: =G24*(1+($J$7)) -> 116.60336 | I24: ='MEMORIA DE CALCULO'!G34 -> 19.78 | J24: =H24*I24 -> 2306.4145 | K24: =J24/$J$176 -> 0.0085974662
B25: 3.2.3 | C25: 10498 | D25: SINAPI | E25: =VLOOKUP(C25,'REF. CUSTO'!A:D,2,) -> MASSA PARA VIDRO | F25: =VLOOKUP(C25,'REF. CUSTO'!A:D,3,) -> KG | G25: =VLOOKUP(C25,'REF. CUSTO'!A:D,4,) -> 6.62 | H25: =G25*(1+($J$7)) -> 8.4825741 | I25: ='MEMORIA DE CALCULO'!G40 -> 25.4 | J25: =H25*I25 -> 215.45738 | K25: =J25/$J$176 -> 0.000803146
B26: 3.2.4 | C26: 88325 | D26: SINAPI | E26: =VLOOKUP(C26,'REF. CUSTO'!A:D,2,) -> VIDRACEIRO COM ENCARGOS COMPLEMENTARES | F26: =VLOOKUP(C26,'REF. CUSTO'!A:D,3,) -> H | G26: =VLOOKUP(C26,'REF. CUSTO'!A:D,4,) -> 23.1 | H26: =G26*(1+($J$7)) -> 29.599315 | I26: 80 | J26: =H26*I26 -> 2367.9452 | K26: =J26/$J$176 -> 0.00882683
B27: 3.3 | E27: INSTALAÇÃO DAS PORTAS INTERNAS | J27: =SUM(J28:J35) -> 18819.56 | K27: =J27/$J$176 -> 0.070152407
B28: 3.3.1 | C28: 100678 | D28: SINAPI | E28: =VLOOKUP(C28,'REF. CUSTO'!A:D,2,) -> KIT DE PORTA DE MADEIRA PARA VERNIZ, SEMI-OCA (LEVE OU MÉDIA), PADRÃO MÉDIO, 60X210CM, ESPESSURA DE 3,5CM, ITENS INCLUSOS: DOBRADIÇAS, MONTAGEM E INSTALAÇÃO DE BATENTE, FECHADURA COM EXECUÇÃO DO FURO - FORNECIMENTO E INSTALAÇÃO. AF_10/2025 | F28: =VLOOKUP(C28,'REF. CUSTO'!A:D,3,) -> UN | G28: =VLOOKUP(C28,'REF. CUSTO'!A:D,4,) -> 1086.8 | H28: =G28*(1+($J$7)) -> 1392.5773 | I28: ='MEMORIA DE CALCULO'!F48 -> 1 | J28: =H28*I28 -> 1392.5773 | K28: =J28/$J$176 -> 0.0051910167
B29: 3.3.2 | C29: 100680 | D29: SINAPI | E29: =VLOOKUP(C29,'REF. CUSTO'!A:D,2,) -> KIT DE PORTA DE MADEIRA PARA VERNIZ, SEMI-OCA (LEVE OU MÉDIA), PADRÃO MÉDIO, 70X210CM, ESPESSURA DE 3,5CM, ITENS INCLUSOS: DOBRADIÇAS, MONTAGEM E INSTALAÇÃO DE BATENTE, FECHADURA COM EXECUÇÃO DO FURO - FORNECIMENTO E INSTALAÇÃO. AF_10/2025 | F29: =VLOOKUP(C29,'REF. CUSTO'!A:D,3,) -> UN | G29: =VLOOKUP(C29,'REF. CUSTO'!A:D,4,) -> 1098.58 | H29: =G29*(1+($J$7)) -> 1407.6716 | I29: ='MEMORIA DE CALCULO'!F47 -> 2 | J29: =H29*I29 -> 2815.3433 | K29: =J29/$J$176 -> 0.010494566
B30: 3.3.3 | C30: 100683 | D30: SINAPI | E30: =VLOOKUP(C30,'REF. CUSTO'!A:D,2,) -> KIT DE PORTA DE MADEIRA PARA VERNIZ, SEMI-OCA (LEVE OU MÉDIA), PADRÃO MÉDIO, 80X210CM, ESPESSURA DE 3,5CM, ITENS INCLUSOS: DOBRADIÇAS, MONTAGEM E INSTALAÇÃO DE BATENTE, FECHADURA COM EXECUÇÃO DO FURO - FORNECIMENTO E INSTALAÇÃO. AF_10/2025 | F30: =VLOOKUP(C30,'REF. CUSTO'!A:D,3,) -> UN | G30: =VLOOKUP(C30,'REF. CUSTO'!A:D,4,) -> 1184.32 | H30: =G30*(1+($J$7)) -> 1517.5351 | I30: ='MEMORIA DE CALCULO'!F45 -> 5 | J30: =H30*I30 -> 7587.6754 | K30: =J30/$J$176 -> 0.028284067
B31: 3.3.4 | C31: 100685 | D31: SINAPI | E31: =VLOOKUP(C31,'REF. CUSTO'!A:D,2,) -> KIT DE PORTA DE MADEIRA PARA VERNIZ, SEMI-OCA (LEVE OU MÉDIA), PADRÃO MÉDIO, 90X210CM, ESPESSURA DE 3,5CM, ITENS INCLUSOS: DOBRADIÇAS, MONTAGEM E INSTALAÇÃO DE BATENTE, FECHADURA COM EXECUÇÃO DO FURO - FORNECIMENTO E INSTALAÇÃO. AF_10/2025 | F31: =VLOOKUP(C31,'REF. CUSTO'!A:D,3,) -> UN | G31: =VLOOKUP(C31,'REF. CUSTO'!A:D,4,) -> 1231.8 | H31: =G31*(1+($J$7)) -> 1578.3738 | I31: ='MEMORIA DE CALCULO'!F46 -> 1 | J31: =H31*I31 -> 1578.3738 | K31: =J31/$J$176 -> 0.0058835981
B32: 3.3.5 | C32: 4998 | D32: SINAPI | E32: =VLOOKUP(C32,'REF. CUSTO'!A:D,2,) -> PORTA DE ABRIR / GIRO, EM MADEIRA MACICA (ANGELIM OU EQUIVALENTE REGIONAL), QUALQUER DESENHO (VERTICAL/DIAGONAL/HORIZ.), E = *3,5* CM, DIMENSOES 2,10 X 0,70 (SOMENTE FOLHA DE PORTA, ACABAMENTO NATURAL) | F32: =VLOOKUP(C32,'REF. CUSTO'!A:D,3,) -> M2 | G32: =VLOOKUP(C32,'REF. CUSTO'!A:D,4,) -> 942.31 | H32: =G32*(1+($J$7)) -> 1207.4342 | I32: ='MEMORIA DE CALCULO'!G49 -> 2.31 | J32: =H32*I32 -> 2789.173 | K32: =J32/$J$176 -> 0.010397013
B33: 3.3.6 | C33: 11480 | D33: SINAPI | E33: =VLOOKUP(C33,'REF. CUSTO'!A:D,2,) -> FECHADURA AUXILIAR DE SEGURANCA PARA PORTA EXTERNA, EM ACO INOX, BROCA DE 45 A 55 MM, LINGUETA COM 3 AVANCOS, INCLUINDO 2 CHAVES TIPO CILINDRO | F33: =VLOOKUP(C33,'REF. CUSTO'!A:D,3,) -> CJ | G33: =VLOOKUP(C33,'REF. CUSTO'!A:D,4,) -> 124.75 | H33: =G33*(1+($J$7)) -> 159.84911 | I33: 1 | J33: =H33*I33 -> 159.84911 | K33: =J33/$J$176 -> 0.00059585879
B34: 3.3.7 | C34: 91306 | D34: SINAPI | E34: =VLOOKUP(C34,'REF. CUSTO'!A:D,2,) -> FECHADURA DE EMBUTIR SEM CILINDRO, PARA PORTAS INTERNAS, COMPLETA, ACABAMENTO PADRÃO MÉDIO, COM EXECUÇÃO DE FURO - FORNECIMENTO E INSTALAÇÃO. AF_10/2025 | F34: =VLOOKUP(C34,'REF. CUSTO'!A:D,3,) -> UN | G34: =VLOOKUP(C34,'REF. CUSTO'!A:D,4,) -> 162.78 | H34: =G34*(1+($J$7)) -> 208.57907 | I34: 1 | J34: =H34*I34 -> 208.57907 | K34: =J34/$J$176 -> 0.00077750616
B35: 3.3.8 | C35: ED-49612 | D35: SEINFRA | E35: =VLOOKUP(C35,'REF. CUSTO'!A:D,2,) -> RÉGUA PARA ALIZAR, LARGURA DE 7CM, PARA UMA (1) FACE, ACABAMENTO NATURAL PARA PINTURA/VERNIZ, INCLUSIVE FIXAÇÃO, EXCLUSIVE MARCO, FOLHA DE PORTA E PINTURA/VERNIZ | F35: =VLOOKUP(C35,'REF. CUSTO'!A:D,3,) -> un | G35: =VLOOKUP(C35,'REF. CUSTO'!A:D,4,) -> 89.28 | H35: =G35*(1+($J$7)) -> 114.39943 | I35: ='MEMORIA DE CALCULO'!G60 -> 20 | J35: =H35*I35 -> 2287.9886 | K35: =J35/$J$176 -> 0.0085287812
B36: 4 | E36: PINTURA | J36: =J37+J41+J45+J49+J51 -> 41544.842 | K36: =J36/$J$176 -> 0.15486391
B37: 4.1 | E37: PINTURA PAREDES INTERNAS | J37: =SUM(J38:J40) -> 14023.502 | K37: =J37/$J$176 -> 0.052274467
B38: 4.1.1 | C38: ED-50505 | D38: SEINFRA | E38: =VLOOKUP(C38,'REF. CUSTO'!A:D,2,) -> LIXAMENTO MANUAL EM PAREDE PARA REMOÇÃO DE TINTA | F38: =VLOOKUP(C38,'REF. CUSTO'!A:D,3,) -> m2 | G38: =VLOOKUP(C38,'REF. CUSTO'!A:D,4,) -> 3.16 | H38: =G38*(1+($J$7)) -> 4.0490837 | I38: ='MEMORIA DE CALCULO'!G77 -> 291.381 | J38: =H38*I38 -> 1179.8261 | K38: =J38/$J$176 -> 0.0043979583
B39: 4.1.2 | C39: ED-50478 | D39: SEINFRA | E39: =VLOOKUP(C39,'REF. CUSTO'!A:D,2,) -> EMASSAMENTO EM PAREDE COM MASSA CORRIDA (PVA), DUAS (2) DEMÃOS, INCLUSIVE LIXAMENTO PARA PINTURA | F39: =VLOOKUP(C39,'REF. CUSTO'!A:D,3,) -> m2 | G39: =VLOOKUP(C39,'REF. CUSTO'!A:D,4,) -> 18.91 | H39: =G39*(1+($J$7)) -> 24.230435 | I39: ='MEMORIA DE CALCULO'!G93 -> 291.381 | J39: =H39*I39 -> 7060.2883 | K39: =J39/$J$176 -> 0.026318162
B40: 4.1.3 | C40: ED-50451 | D40: SEINFRA | E40: =VLOOKUP(C40,'REF. CUSTO'!A:D,2,) -> PINTURA ACRÍLICA EM PAREDE, DUAS (2) DEMÃOS, COM APLICAÇÃO MANUAL, EXCLUSIVE SELADOR ACRÍLICO E MASSA ACRÍLICA/CORRIDA (PVA) | F40: =VLOOKUP(C40,'REF. CUSTO'!A:D,3,) -> m2 | G40: =VLOOKUP(C40,'REF. CUSTO'!A:D,4,) -> 15.49 | H40: =G40*(1+($J$7)) -> 19.848198 | I40: ='MEMORIA DE CALCULO'!G77 -> 291.381 | J40: =H40*I40 -> 5783.3879 | K40: =J40/$J$176 -> 0.021558346
B41: 4.2 | E41: PINTURA TETOS | J41: =SUM(J42:J44) -> 11219.191 | K41: =J41/$J$176 -> 0.041821026
B42: 4.2.1 | C42: ED-50506 | D42: SEINFRA | E42: =VLOOKUP(C42,'REF. CUSTO'!A:D,2,) -> LIXAMENTO MANUAL EM TETO PARA REMOÇÃO DE TINTA | F42: =VLOOKUP(C42,'REF. CUSTO'!A:D,3,) -> m2 | G42: =VLOOKUP(C42,'REF. CUSTO'!A:D,4,) -> 3.58 | H42: =G42*(1+($J$7)) -> 4.5872531 | I42: ='MEMORIA DE CALCULO'!G125 -> 147.1797 | J42: =H42*I42 -> 675.15053 | K42: =J42/$J$176 -> 0.0025167133
B43: 4.2.2 | C43: ED-50476 | D43: SEINFRA | E43: =VLOOKUP(C43,'REF. CUSTO'!A:D,2,) -> EMASSAMENTO EM TETO COM MASSA ACRÍLICA, DUAS (2) DEMÃOS, INCLUSIVE LIXAMENTO PARA PINTURA | F43: =VLOOKUP(C43,'REF. CUSTO'!A:D,3,) -> m2 | G43: =VLOOKUP(C43,'REF. CUSTO'!A:D,4,) -> 36.34 | H43: =G43*(1+($J$7)) -> 46.564463 | I43: ='MEMORIA DE CALCULO'!G141 -> 147.1797 | J43: =H43*I43 -> 6853.3437 | K43: =J43/$J$176 -> 0.025546749
B44: 4.2.3 | C44: ED-50452 | D44: SEINFRA | E44: =VLOOKUP(C44,'REF. CUSTO'!A:D,2,) -> PINTURA ACRÍLICA EM TETO, DUAS (2) DEMÃOS, COM APLICAÇÃO MANUAL, EXCLUSIVE SELADOR ACRÍLICO E MASSA ACRÍLICA/CORRIDA (PVA) | F44: =VLOOKUP(C44,'REF. CUSTO'!A:D,3,) -> m2 | G44: =VLOOKUP(C44,'REF. CUSTO'!A:D,4,) -> 19.57 | H44: =G44*(1+($J$7)) -> 25.076129 | I44: ='MEMORIA DE CALCULO'!G157 -> 147.1797 | J44: =H44*I44 -> 3690.6972 | K44: =J44/$J$176 -> 0.013757564
B45: 4.3 | E45: PINTURA DAS ESQUADRIAS - JANELAS | J45: =SUM(J46:J48) -> 1773.1093 | K45: =J45/$J$176 -> 0.0066095003
B46: 4.3.1 | C46: ED-50493 | D46: SEINFRA | E46: =VLOOKUP(C46,'REF. CUSTO'!A:D,2,) -> PINTURA ESMALTE BASE SOLVENTE EM ESQUADRIA DE MADEIRA, DUAS (2) DEMÃOS, COM APLICAÇÃO MANUAL, INCLUSIVE UMA (1) DEMÃO DE FUNDO NIVELADOR E PREPARAÇÃO DA SUPERFÍCIE COM LIXAMENTO, EXCLUSIVE MASSA A ÓLEO | F46: =VLOOKUP(C46,'REF. CUSTO'!A:D,3,) -> m2 | G46: =VLOOKUP(C46,'REF. CUSTO'!A:D,4,) -> 33.49 | H46: =G46*(1+($J$7)) -> 42.912599 | I46: ='MEMORIA DE CALCULO'!G165 -> 35.4288 | J46: =H46*I46 -> 1520.3419 | K46: =J46/$J$176 -> 0.0056672763
B47: 4.3.2 | C47: ED-50508 | D47: SEINFRA | E47: =VLOOKUP(C47,'REF. CUSTO'!A:D,2,) -> LIXAMENTO MANUAL EM SUPERFÍCIE METÁLICA PARA REMOÇÃO DE TINTA E/OU FUNDO ANTICORROSIVA | F47: =VLOOKUP(C47,'REF. CUSTO'!A:D,3,) -> m2 | G47: =VLOOKUP(C47,'REF. CUSTO'!A:D,4,) -> 5.38 | H47: =G47*(1+($J$7)) -> 6.8936932 | I47: ='MEMORIA DE CALCULO'!G171 -> 5.04 | J47: =H47*I47 -> 34.744214 | K47: =J47/$J$176 -> 0.00012951367
B48: 4.3.3 | C48: ED-50491 | D48: SEINFRA | E48: =VLOOKUP(C48,'REF. CUSTO'!A:D,2,) -> PINTURA ESMALTE BASE SOLVENTE EM ESQUADRIAS DE FERRO, DUAS (2) DEMÃOS, COM APLICAÇÃO MANUAL, INCLUSIVE UMA (1) DEMÃO DE FUNDO ANTICORROSIVO | F48: =VLOOKUP(C48,'REF. CUSTO'!A:D,3,) -> m2 | G48: =VLOOKUP(C48,'REF. CUSTO'!A:D,4,) -> 33.76 | H48: =G48*(1+($J$7)) -> 43.258565 | I48: ='MEMORIA DE CALCULO'!G171 -> 5.04 | J48: =H48*I48 -> 218.02317 | K48: =J48/$J$176 -> 0.00081271031
B49: 4.4 | E49: PINTURA DAS ESQUADRIAS - PORTAS INTERNAS | J49: =SUM(J50) -> 4822.7754 | K49: =J49/$J$176 -> 0.017977536
B50: 4.4.1 | C50: ED-50493 | D50: SEINFRA | E50: =VLOOKUP(C50,'REF. CUSTO'!A:D,2,) -> PINTURA ESMALTE BASE SOLVENTE EM ESQUADRIA DE MADEIRA, DUAS (2) DEMÃOS, COM APLICAÇÃO MANUAL, INCLUSIVE UMA (1) DEMÃO DE FUNDO NIVELADOR E PREPARAÇÃO DA SUPERFÍCIE COM LIXAMENTO, EXCLUSIVE MASSA A ÓLEO | F50: =VLOOKUP(C50,'REF. CUSTO'!A:D,3,) -> m2 | G50: =VLOOKUP(C50,'REF. CUSTO'!A:D,4,) -> 33.49 | H50: =G50*(1+($J$7)) -> 42.912599 | I50: ='MEMORIA DE CALCULO'!G193 -> 112.386 | J50: =H50*I50 -> 4822.7754 | K50: =J50/$J$176 -> 0.017977536
B51: 4.5 | E51: PINTURA EXTERNA | J51: =SUM(J52:J53) -> 9706.2635 | K51: =J51/$J$176 -> 0.036181386
B52: 4.5.1 | C52: ED-50505 | D52: SEINFRA | E52: =VLOOKUP(C52,'REF. CUSTO'!A:D,2,) -> LIXAMENTO MANUAL EM PAREDE PARA REMOÇÃO DE TINTA | F52: =VLOOKUP(C52,'REF. CUSTO'!A:D,3,) -> m2 | G52: =VLOOKUP(C52,'REF. CUSTO'!A:D,4,) -> 3.16 | H52: =G52*(1+($J$7)) -> 4.0490837 | I52: ='MEMORIA DE CALCULO'!G210 -> 406.166 | J52: =H52*I52 -> 1644.6001 | K52: =J52/$J$176 -> 0.0061304654
B53: 4.5.2 | C53: ED-50451 | D53: SEINFRA | E53: =VLOOKUP(C53,'REF. CUSTO'!A:D,2,) -> PINTURA ACRÍLICA EM PAREDE, DUAS (2) DEMÃOS, COM APLICAÇÃO MANUAL, EXCLUSIVE SELADOR ACRÍLICO E MASSA ACRÍLICA/CORRIDA (PVA) | F53: =VLOOKUP(C53,'REF. CUSTO'!A:D,3,) -> m2 | G53: =VLOOKUP(C53,'REF. CUSTO'!A:D,4,) -> 15.49 | H53: =G53*(1+($J$7)) -> 19.848198 | I53: ='MEMORIA DE CALCULO'!G210 -> 406.166 | J53: =H53*I53 -> 8061.6633 | K53: =J53/$J$176 -> 0.030050921
B54: 5 | E54: INSTALAÇÕES HIDRAULICAS | J54: =SUM(J55:J91) -> 16596.003 | K54: =J54/$J$176 -> 0.061863803
B55: 5.1 | C55: 89711 | D55: SINAPI | E55: =VLOOKUP(C55,'REF. CUSTO'!A:D,2,) -> TUBO PVC, SERIE NORMAL, ESGOTO PREDIAL, DN 40 MM, FORNECIDO E INSTALADO EM RAMAL DE DESCARGA OU RAMAL DE ESGOTO SANITÁRIO. AF_08/2022 | F55: =VLOOKUP(C55,'REF. CUSTO'!A:D,3,) -> M | G55: =VLOOKUP(C55,'REF. CUSTO'!A:D,4,) -> 22.65 | H55: =G55*(1+($J$7)) -> 29.022705 | I55: 12 | J55: =H55*I55 -> 348.27245 | K55: =J55/$J$176 -> 0.0012982318
B56: 5.2 | C56: 89712 | D56: SINAPI | E56: =VLOOKUP(C56,'REF. CUSTO'!A:D,2,) -> TUBO PVC, SERIE NORMAL, ESGOTO PREDIAL, DN 50 MM, FORNECIDO E INSTALADO EM RAMAL DE DESCARGA OU RAMAL DE ESGOTO SANITÁRIO. AF_08/2022 | F56: =VLOOKUP(C56,'REF. CUSTO'!A:D,3,) -> M | G56: =VLOOKUP(C56,'REF. CUSTO'!A:D,4,) -> 29.07 | H56: =G56*(1+($J$7)) -> 37.249008 | I56: 12 | J56: =H56*I56 -> 446.98809 | K56: =J56/$J$176 -> 0.0016662075
B57: 5.3 | C57: 11712 | D57: SINAPI | E57: =VLOOKUP(C57,'REF. CUSTO'!A:D,2,) -> CAIXA SIFONADA, PVC, 150 X 150 X 50 MM, COM GRELHA QUADRADA, BRANCA (NBR 5688) | F57: =VLOOKUP(C57,'REF. CUSTO'!A:D,3,) -> UN | G57: =VLOOKUP(C57,'REF. CUSTO'!A:D,4,) -> 47.81 | H57: =G57*(1+($J$7)) -> 61.261612 | I57: 3 | J57: =H57*I57 -> 183.78484 | K57: =J57/$J$176 -> 0.00068508238
B58: 5.4 | C58: 3542 | D58: SINAPI | E58: =VLOOKUP(C58,'REF. CUSTO'!A:D,2,) -> JOELHO PVC, SOLDAVEL, 90 GRAUS, 20 MM, COR MARROM, PARA AGUA FRIA PREDIAL | F58: =VLOOKUP(C58,'REF. CUSTO'!A:D,3,) -> UN | G58: =VLOOKUP(C58,'REF. CUSTO'!A:D,4,) -> 0.67 | H58: =G58*(1+($J$7)) -> 0.85850826 | I58: 20 | J58: =H58*I58 -> 17.170165 | K58: =J58/$J$176 -> 6.4004071e-05
B59: 5.5 | C59: 89355 | D59: SINAPI | E59: =VLOOKUP(C59,'REF. CUSTO'!A:D,2,) -> TUBO, PVC, SOLDÁVEL, DE 20MM, INSTALADO EM RAMAL OU SUB-RAMAL DE ÁGUA - FORNECIMENTO E INSTALAÇÃO. AF_06/2022 | F59: =VLOOKUP(C59,'REF. CUSTO'!A:D,3,) -> M | G59: =VLOOKUP(C59,'REF. CUSTO'!A:D,4,) -> 21.09 | H59: =G59*(1+($J$7)) -> 27.02379 | I59: 30 | J59: =H59*I59 -> 810.71369 | K59: =J59/$J$176 -> 0.0030220429
B60: 5.6 | C60: 3529 | D60: SINAPI | E60: =VLOOKUP(C60,'REF. CUSTO'!A:D,2,) -> JOELHO PVC, SOLDAVEL, 90 GRAUS, 25 MM, COR MARROM, PARA AGUA FRIA PREDIAL | F60: =VLOOKUP(C60,'REF. CUSTO'!A:D,3,) -> UN | G60: =VLOOKUP(C60,'REF. CUSTO'!A:D,4,) -> 0.82 | H60: =G60*(1+($J$7)) -> 1.0507116 | I60: 15 | J60: =H60*I60 -> 15.760674 | K60: =J60/$J$176 -> 5.8750005e-05
B61: 5.7 | C61: 89356 | D61: SINAPI | E61: =VLOOKUP(C61,'REF. CUSTO'!A:D,2,) -> TUBO, PVC, SOLDÁVEL, DE 25MM, INSTALADO EM RAMAL OU SUB-RAMAL DE ÁGUA - FORNECIMENTO E INSTALAÇÃO. AF_06/2022 | F61: =VLOOKUP(C61,'REF. CUSTO'!A:D,3,) -> M | G61: =VLOOKUP(C61,'REF. CUSTO'!A:D,4,) -> 24.32 | H61: =G61*(1+($J$7)) -> 31.162568 | I61: 12 | J61: =H61*I61 -> 373.95082 | K61: =J61/$J$176 -> 0.0013939513
B62: 5.8 | C62: 3536 | D62: SINAPI | E62: =VLOOKUP(C62,'REF. CUSTO'!A:D,2,) -> JOELHO PVC, SOLDAVEL, 90 GRAUS, 32 MM, COR MARROM, PARA AGUA FRIA PREDIAL | F62: =VLOOKUP(C62,'REF. CUSTO'!A:D,3,) -> UN | G62: =VLOOKUP(C62,'REF. CUSTO'!A:D,4,) -> 2.74 | H62: =G62*(1+($J$7)) -> 3.5109144 | I62: 15 | J62: =H62*I62 -> 52.663716 | K62: =J62/$J$176 -> 0.00019631099
B63: 5.9 | C63: 89357 | D63: SINAPI | E63: =VLOOKUP(C63,'REF. CUSTO'!A:D,2,) -> TUBO, PVC, SOLDÁVEL, DE 32MM, INSTALADO EM RAMAL OU SUB-RAMAL DE ÁGUA - FORNECIMENTO E INSTALAÇÃO. AF_06/2022 | F63: =VLOOKUP(C63,'REF. CUSTO'!A:D,3,) -> M | G63: =VLOOKUP(C63,'REF. CUSTO'!A:D,4,) -> 33.75 | H63: =G63*(1+($J$7)) -> 43.245752 | I63: 6 | J63: =H63*I63 -> 259.47451 | K63: =J63/$J$176 -> 0.00096722569
B64: 5.10 | C64: 89449 | D64: SINAPI | E64: =VLOOKUP(C64,'REF. CUSTO'!A:D,2,) -> TUBO, PVC, SOLDÁVEL, DE 50MM, INSTALADO EM PRUMADA DE ÁGUA - FORNECIMENTO E INSTALAÇÃO. AF_06/2022 | F64: =VLOOKUP(C64,'REF. CUSTO'!A:D,3,) -> M | G64: =VLOOKUP(C64,'REF. CUSTO'!A:D,4,) -> 20.06 | H64: =G64*(1+($J$7)) -> 25.703994 | I64: 18 | J64: =H64*I64 -> 462.67188 | K64: =J64/$J$176 -> 0.0017246709
B65: 5.11 | C65: ED-49937 | D65: SEINFRA | E65: =VLOOKUP(C65,'REF. CUSTO'!A:D,2,) -> CAIXA D'ÁGUA DE POLIETILENO, CAPACIDADE DE 1.500L, INCLUSIVE TAMPA, TORNEIRA DE BOIA, EXTRAVASOR, TUBO DE LIMPEZA E ACESSÓRIOS, EXCLUSIVE TUBULAÇÃO DE ENTRADA/SAÍDA DE ÁGUA | F65: =VLOOKUP(C65,'REF. CUSTO'!A:D,3,) -> un | G65: =VLOOKUP(C65,'REF. CUSTO'!A:D,4,) -> 1717.62 | H65: =G65*(1+($J$7)) -> 2200.882 | I65: 1 | J65: =H65*I65 -> 2200.882 | K65: =J65/$J$176 -> 0.00820408
B66: 5.12 | C66: ED-49848 | D66: SEINFRA | E66: =VLOOKUP(C66,'REF. CUSTO'!A:D,2,) -> ADAPTADOR SOLDÁVEL DE PVC MARROM COM FLANGES E ANEL PARA CAIXA DÁGUA Ø 50 MM X 1 1/2" | F66: =VLOOKUP(C66,'REF. CUSTO'!A:D,3,) -> un | G66: =VLOOKUP(C66,'REF. CUSTO'!A:D,4,) -> 57.94 | H66: =G66*(1+($J$7)) -> 74.241744 | I66: 1 | J66: =H66*I66 -> 74.241744 | K66: =J66/$J$176 -> 0.00027674596
B67: 5.13 | C67: ED-49846 | D67: SEINFRA | E67: =VLOOKUP(C67,'REF. CUSTO'!A:D,2,) -> ADAPTADOR SOLDÁVEL DE PVC MARROM COM FLANGES E ANEL PARA CAIXA DÁGUA Ø 32 MM X 1" | F67: =VLOOKUP(C67,'REF. CUSTO'!A:D,3,) -> un | G67: =VLOOKUP(C67,'REF. CUSTO'!A:D,4,) -> 32.82 | H67: =G67*(1+($J$7)) -> 42.054091 | I67: 1 | J67: =H67*I67 -> 42.054091 | K67: =J67/$J$176 -> 0.00015676221
B68: 5.14 | C68: 94490 | D68: SINAPI | E68: =VLOOKUP(C68,'REF. CUSTO'!A:D,2,) -> REGISTRO DE ESFERA, PVC, SOLDÁVEL, COM VOLANTE, DN 32 MM - FORNECIMENTO E INSTALAÇÃO. AF_08/2021 | F68: =VLOOKUP(C68,'REF. CUSTO'!A:D,3,) -> UN | G68: =VLOOKUP(C68,'REF. CUSTO'!A:D,4,) -> 31.28 | H68: =G68*(1+($J$7)) -> 40.080803 | I68: 3 | J68: =H68*I68 -> 120.24241 | K68: =J68/$J$176 -> 0.00044821955
B69: 5.15 | C69: 94492 | D69: SINAPI | E69: =VLOOKUP(C69,'REF. CUSTO'!A:D,2,) -> REGISTRO DE ESFERA, PVC, SOLDÁVEL, COM VOLANTE, DN 50 MM - FORNECIMENTO E INSTALAÇÃO. AF_08/2021 | F69: =VLOOKUP(C69,'REF. CUSTO'!A:D,3,) -> UN | G69: =VLOOKUP(C69,'REF. CUSTO'!A:D,4,) -> 44.17 | H69: =G69*(1+($J$7)) -> 56.597477 | I69: 2 | J69: =H69*I69 -> 113.19495 | K69: =J69/$J$176 -> 0.00042194922
B70: 5.16 | C70: 3855 | D70: SINAPI | E70: =VLOOKUP(C70,'REF. CUSTO'!A:D,2,) -> LUVA SOLDAVEL COM BUCHA DE LATAO, PVC, 20 MM X 1/2" | F70: =VLOOKUP(C70,'REF. CUSTO'!A:D,3,) -> UN | G70: =VLOOKUP(C70,'REF. CUSTO'!A:D,4,) -> 5.84 | H70: =G70*(1+($J$7)) -> 7.4831168 | I70: 10 | J70: =H70*I70 -> 74.831168 | K70: =J70/$J$176 -> 0.00027894311
B71: 5.17 | C71: 3874 | D71: SINAPI | E71: =VLOOKUP(C71,'REF. CUSTO'!A:D,2,) -> LUVA SOLDAVEL COM BUCHA DE LATAO, PVC, 25 MM X 1/2" | F71: =VLOOKUP(C71,'REF. CUSTO'!A:D,3,) -> UN | G71: =VLOOKUP(C71,'REF. CUSTO'!A:D,4,) -> 6.77 | H71: =G71*(1+($J$7)) -> 8.6747775 | I71: 10 | J71: =H71*I71 -> 86.747775 | K71: =J71/$J$176 -> 0.00032336385
B72: 5.18 | C72: 20262 | D72: SINAPI | E72: =VLOOKUP(C72,'REF. CUSTO'!A:D,2,) -> SIFAO PLASTICO EXTENSIVEL UNIVERSAL, TIPO COPO | F72: =VLOOKUP(C72,'REF. CUSTO'!A:D,3,) -> UN | G72: =VLOOKUP(C72,'REF. CUSTO'!A:D,4,) -> 20.15 | H72: =G72*(1+($J$7)) -> 25.819316 | I72: 4 | J72: =H72*I72 -> 103.27726 | K72: =J72/$J$176 -> 0.00038497971
B73: 5.19 | C73: 6157 | D73: SINAPI | E73: =VLOOKUP(C73,'REF. CUSTO'!A:D,2,) -> VALVULA EM METAL CROMADO PARA PIA AMERICANA 3.1/2 X 1.1/2" | F73: =VLOOKUP(C73,'REF. CUSTO'!A:D,3,) -> UN | G73: =VLOOKUP(C73,'REF. CUSTO'!A:D,4,) -> 75.13 | H73: =G73*(1+($J$7)) -> 96.268247 | I73: 1 | J73: =H73*I73 -> 96.268247 | K73: =J73/$J$176 -> 0.00035885267
B74: 5.20 | C74: 13415 | D74: SINAPI | E74: =VLOOKUP(C74,'REF. CUSTO'!A:D,2,) -> TORNEIRA DE MESA/BANCADA, PARA LAVATORIO, FIXA, METALICA CROMADA, PADRAO POPULAR, 1/2" OU 3/4" | F74: =VLOOKUP(C74,'REF. CUSTO'!A:D,3,) -> UN | G74: =VLOOKUP(C74,'REF. CUSTO'!A:D,4,) -> 69.48 | H74: =G74*(1+($J$7)) -> 89.028588 | I74: 3 | J74: =H74*I74 -> 267.08576 | K74: =J74/$J$176 -> 0.00099559765
B75: 5.21 | C75: 95546 | D75: SINAPI | E75: =VLOOKUP(C75,'REF. CUSTO'!A:D,2,) -> KIT DE ACESSORIOS PARA BANHEIRO EM METAL CROMADO, 5 PECAS, INCLUSO FIXAÇÃO. AF_01/2020 | F75: =VLOOKUP(C75,'REF. CUSTO'!A:D,3,) -> UN | G75: =VLOOKUP(C75,'REF. CUSTO'!A:D,4,) -> 138.38 | H75: =G75*(1+($J$7)) -> 177.31399 | I75: 3 | J75: =H75*I75 -> 531.94197 | K75: =J75/$J$176 -> 0.0019828843
B76: 5.22 | C76: 10422 | D76: SINAPI | E76: =VLOOKUP(C76,'REF. CUSTO'!A:D,2,) -> BACIA SANITARIA (VASO) COM CAIXA ACOPLADA, SIFAO APARENTE, DE LOUCA BRANCA (SEM ASSENTO) | F76: =VLOOKUP(C76,'REF. CUSTO'!A:D,3,) -> UN | G76: =VLOOKUP(C76,'REF. CUSTO'!A:D,4,) -> 446.74 | H76: =G76*(1+($J$7)) -> 572.4328 | I76: 2 | J76: =H76*I76 -> 1144.8656 | K76: =J76/$J$176 -> 0.0042676386
B77: 5.23 | C77: 95472 | D77: SINAPI | E77: =VLOOKUP(C77,'REF. CUSTO'!A:D,2,) -> VASO SANITARIO SIFONADO CONVENCIONAL PARA PCD SEM FURO FRONTAL COM LOUÇA BRANCA SEM ASSENTO, INCLUSO CONJUNTO DE LIGAÇÃO PARA BACIA SANITÁRIA AJUSTÁVEL - FORNECIMENTO E INSTALAÇÃO. AF_01/2020 | F77: =VLOOKUP(C77,'REF. CUSTO'!A:D,3,) -> UN | G77: =VLOOKUP(C77,'REF. CUSTO'!A:D,4,) -> 881.81 | H77: =G77*(1+($J$7)) -> 1129.9122 | I77: 1 | J77: =H77*I77 -> 1129.9122 | K77: =J77/$J$176 -> 0.0042118977
B78: 5.24 | C78: 100865 | D78: SINAPI | E78: =VLOOKUP(C78,'REF. CUSTO'!A:D,2,) -> BARRA DE APOIO LATERAL ARTICULADA, COM TRAVA, EM ACO INOX POLIDO, FIXADA NA PAREDE - FORNECIMENTO E INSTALAÇÃO. AF_01/2020 | F78: =VLOOKUP(C78,'REF. CUSTO'!A:D,3,) -> UN | G78: =VLOOKUP(C78,'REF. CUSTO'!A:D,4,) -> 580.98 | H78: =G78*(1+($J$7)) -> 744.44198 | I78: 1 | J78: =H78*I78 -> 744.44198 | K78: =J78/$J$176 -> 0.0027750063
B79: 5.25 | C79: 100867 | D79: SINAPI | E79: =VLOOKUP(C79,'REF. CUSTO'!A:D,2,) -> BARRA DE APOIO RETA, EM ACO INOX POLIDO, COMPRIMENTO 70 CM, FIXADA NA PAREDE - FORNECIMENTO E INSTALAÇÃO. AF_01/2020 | F79: =VLOOKUP(C79,'REF. CUSTO'!A:D,3,) -> UN | G79: =VLOOKUP(C79,'REF. CUSTO'!A:D,4,) -> 346.25 | H79: =G79*(1+($J$7)) -> 443.66938 | I79: 3 | J79: =H79*I79 -> 1331.0081 | K79: =J79/$J$176 -> 0.0049615096
... B91: 5.37 | C91: 246 | D91: SINAPI | E91: =VLOOKUP(C91,'REF. CUSTO'!A:D,2,) -> AUXILIAR DE ENCANADOR OU BOMBEIRO HIDRAULICO (HORISTA) | F91: =VLOOKUP(C91,'REF. CUSTO'!A:D,3,) -> H | G91: =VLOOKUP(C91,'REF. CUSTO'!A:D,4,) -> 16.3 | H91: =G91*(1+($J$7)) -> 20.886096 | I91: 40 | J91: =H91*I91 -> 835.44386 | K91: =J91/$J$176 -> 0.0031142279
B92: 6 | E92: INSTALAÇÕES ELÉTRICAS | J92: =SUM(J93:J111) -> 11351.978 | K92: =J92/$J$176 -> 0.042316005
B93: 6.1 | C93: 1022 | D93: SINAPI | E93: =VLOOKUP(C93,'REF. CUSTO'!A:D,2,) -> CABO DE COBRE, FLEXIVEL, CLASSE 4 OU 5, ISOLACAO EM PVC/A, ANTICHAMA BWF-B, COBERTURA PVC-ST1, ANTICHAMA BWF-B, 1 CONDUTOR, 0,6/1 KV, SECAO NOMINAL 2,5 MM2 | F93: =VLOOKUP(C93,'REF. CUSTO'!A:D,3,) -> M | G93: =VLOOKUP(C93,'REF. CUSTO'!A:D,4,) -> 2.86 | H93: =G93*(1+($J$7)) -> 3.664677 | I93: 300 | J93: =H93*I93 -> 1099.4031 | K93: =J93/$J$176 -> 0.0040981711
B94: 6.2 | C94: 1021 | D94: SINAPI | E94: =VLOOKUP(C94,'REF. CUSTO'!A:D,2,) -> CABO DE COBRE, FLEXIVEL, CLASSE 4 OU 5, ISOLACAO EM PVC/A, ANTICHAMA BWF-B, COBERTURA PVC-ST1, ANTICHAMA BWF-B, 1 CONDUTOR, 0,6/1 KV, SECAO NOMINAL 4 MM2 | F94: =VLOOKUP(C94,'REF. CUSTO'!A:D,3,) -> M | G94: =VLOOKUP(C94,'REF. CUSTO'!A:D,4,) -> 4.38 | H94: =G94*(1+($J$7)) -> 5.6123376 | I94: 60 | J94: =H94*I94 -> 336.74025 | K94: =J94/$J$176 -> 0.001255244
B95: 6.3 | C95: 12147 | D95: SINAPI | E95: =VLOOKUP(C95,'REF. CUSTO'!A:D,2,) -> TOMADA 2P+T 10A, 250V, CONJUNTO MONTADO PARA SOBREPOR 4" X 2" (CAIXA + MODULO) | F95: =VLOOKUP(C95,'REF. CUSTO'!A:D,3,) -> UN | G95: =VLOOKUP(C95,'REF. CUSTO'!A:D,4,) -> 12.96 | H95: =G95*(1+($J$7)) -> 16.606369 | I95: 25 | J95: =H95*I95 -> 415.15922 | K95: =J95/$J$176 -> 0.0015475611
B96: 6.4 | C96: 38075 | D96: SINAPI | E96: =VLOOKUP(C96,'REF. CUSTO'!A:D,2,) -> TOMADA 2P+T 20A 250V, CONJUNTO MONTADO PARA EMBUTIR 4" X 2" (PLACA + SUPORTE + MODULO) | F96: =VLOOKUP(C96,'REF. CUSTO'!A:D,3,) -> UN | G96: =VLOOKUP(C96,'REF. CUSTO'!A:D,4,) -> 14.72 | H96: =G96*(1+($J$7)) -> 18.861555 | I96: 10 | J96: =H96*I96 -> 188.61555 | K96: =J96/$J$176 -> 0.00070308949
B97: 6.5 | C97: 1013 | D97: SINAPI | E97: =VLOOKUP(C97,'REF. CUSTO'!A:D,2,) -> CABO DE COBRE, FLEXIVEL, CLASSE 4 OU 5, ISOLACAO EM PVC/A, ANTICHAMA BWF-B, 1 CONDUTOR, 450/750 V, SECAO NOMINAL 1,5 MM2 | F97: =VLOOKUP(C97,'REF. CUSTO'!A:D,3,) -> M | G97: =VLOOKUP(C97,'REF. CUSTO'!A:D,4,) -> 1.52 | H97: =G97*(1+($J$7)) -> 1.9476605 | I97: 120 | J97: =H97*I97 -> 233.71926 | K97: =J97/$J$176 -> 0.00087121959
B98: 6.6 | C98: 38062 | D98: SINAPI | E98: =VLOOKUP(C98,'REF. CUSTO'!A:D,2,) -> INTERRUPTOR SIMPLES 10A, 250V, CONJUNTO MONTADO PARA EMBUTIR 4" X 2" (PLACA + SUPORTE + MODULO) | F98: =VLOOKUP(C98,'REF. CUSTO'!A:D,3,) -> UN | G98: =VLOOKUP(C98,'REF. CUSTO'!A:D,4,) -> 6.52 | H98: =G98*(1+($J$7)) -> 8.3544386 | I98: 12 | J98: =H98*I98 -> 100.25326 | K98: =J98/$J$176 -> 0.00037370735
B99: 6.7 | C99: ED-34474 | D99: SEINFRA | E99: =VLOOKUP(C99,'REF. CUSTO'!A:D,2,) -> DISJUNTOR BIPOLAR TIPO DIN, CORRENTE NOMINAL DE 16A, FORNECIMENTO E INSTALAÇÃO, INCLUSIVE TERMINAL ILHÓS | F99: =VLOOKUP(C99,'REF. CUSTO'!A:D,3,) -> un | G99: =VLOOKUP(C99,'REF. CUSTO'!A:D,4,) -> 39.92 | H99: =G99*(1+($J$7)) -> 51.151716 | I99: 1 | J99: =H99*I99 -> 51.151716 | K99: =J99/$J$176 -> 0.00019067481
B100: 6.8 | C100: ED-34475 | D100: SEINFRA | E100: =VLOOKUP(C100,'REF. CUSTO'!A:D,2,) -> DISJUNTOR BIPOLAR TIPO DIN, CORRENTE NOMINAL DE 20A, FORNECIMENTO E INSTALAÇÃO, INCLUSIVE TERMINAL ILHÓS | F100: =VLOOKUP(C100,'REF. CUSTO'!A:D,3,) -> un | G100: =VLOOKUP(C100,'REF. CUSTO'!A:D,4,) -> 45.68 | H100: =G100*(1+($J$7)) -> 58.532324 | I100: 1 | J100: =H100*I100 -> 58.532324 | K100: =J100/$J$176 -> 0.00021818701
B101: 6.9 | C101: ED-34477 | D101: SEINFRA | E101: =VLOOKUP(C101,'REF. CUSTO'!A:D,2,) -> DISJUNTOR BIPOLAR TIPO DIN, CORRENTE NOMINAL DE 32A, FORNECIMENTO E INSTALAÇÃO, INCLUSIVE TERMINAL ILHÓS | F101: =VLOOKUP(C101,'REF. CUSTO'!A:D,3,) -> un | G101: =VLOOKUP(C101,'REF. CUSTO'!A:D,4,) -> 51.61 | H101: =G101*(1+($J$7)) -> 66.130763 | I101: 2 | J101: =H101*I101 -> 132.26153 | K101: =J101/$J$176 -> 0.0004930224
B102: 6.10 | C102: ED-34478 | D102: SEINFRA | E102: =VLOOKUP(C102,'REF. CUSTO'!A:D,2,) -> DISJUNTOR BIPOLAR TIPO DIN, CORRENTE NOMINAL DE 40A, FORNECIMENTO E INSTALAÇÃO, INCLUSIVE TERMINAL ILHÓS | F102: =VLOOKUP(C102,'REF. CUSTO'!A:D,3,) -> un | G102: =VLOOKUP(C102,'REF. CUSTO'!A:D,4,) -> 45.87 | H102: =G102*(1+($J$7)) -> 58.775782 | I102: 1 | J102: =H102*I102 -> 58.775782 | K102: =J102/$J$176 -> 0.00021909453
B103: 6.11 | C103: ED-34479 | D103: SEINFRA | E103: =VLOOKUP(C103,'REF. CUSTO'!A:D,2,) -> DISJUNTOR BIPOLAR TIPO DIN, CORRENTE NOMINAL DE 50A, FORNECIMENTO E INSTALAÇÃO, INCLUSIVE TERMINAL ILHÓS | F103: =VLOOKUP(C103,'REF. CUSTO'!A:D,3,) -> un | G103: =VLOOKUP(C103,'REF. CUSTO'!A:D,4,) -> 39.55 | H103: =G103*(1+($J$7)) -> 50.677614 | I103: 1 | J103: =H103*I103 -> 50.677614 | K103: =J103/$J$176 -> 0.00018890754
B104: 6.12 | C104: ED-13357 | D104: SEINFRA | E104: =VLOOKUP(C104,'REF. CUSTO'!A:D,2,) -> LUMINÁRIA PLAFON REDONDO DE VIDRO JATEADO REDONDO COMPLETA, DIÂMETRO 25 CM, PARA UMA (1) LÂMPADA LED, POTÊNCIA 15W, BULBO A65, FORNECIMENTO E INSTALAÇÃO, INCLUSIVE BASE E LÂMPADA | F104: =VLOOKUP(C104,'REF. CUSTO'!A:D,3,) -> un | G104: =VLOOKUP(C104,'REF. CUSTO'!A:D,4,) -> 62.55 | H104: =G104*(1+($J$7)) -> 80.148793 | I104: 20 | J104: =H104*I104 -> 1602.9759 | K104: =J104/$J$176 -> 0.0059753054
B105: 6.13 | C105: 98308 | D105: SINAPI | E105: =VLOOKUP(C105,'REF. CUSTO'!A:D,2,) -> TOMADA PARA TELEFONE RJ11 - FORNECIMENTO E INSTALAÇÃO. AF_08/2025 | F105: =VLOOKUP(C105,'REF. CUSTO'!A:D,3,) -> UN | G105: =VLOOKUP(C105,'REF. CUSTO'!A:D,4,) -> 38.85 | H105: =G105*(1+($J$7)) -> 49.780665 | I105: 3 | J105: =H105*I105 -> 149.342 | K105: =J105/$J$176 -> 0.00055669212
B106: 6.14 | C106: 43972 | D106: SINAPI | E106: =VLOOKUP(C106,'REF. CUSTO'!A:D,2,) -> CABO DE REDE, PAR TRANCADO U/UTP, 4 PARES, CATEGORIA 5E (CAT 5E), ISOLAMENTO PVC (CM) | F106: =VLOOKUP(C106,'REF. CUSTO'!A:D,3,) -> M | G106: =VLOOKUP(C106,'REF. CUSTO'!A:D,4,) -> 3.62 | H106: =G106*(1+($J$7)) -> 4.6385073 | I106: 50 | J106: =H106*I106 -> 231.92537 | K106: =J106/$J$176 -> 0.00086453259
B107: 6.15 | C107: 979 | D107: SINAPI | E107: =VLOOKUP(C107,'REF. CUSTO'!A:D,2,) -> CABO DE COBRE, FLEXIVEL, CLASSE 4 OU 5, ISOLACAO EM PVC/A, ANTICHAMA BWF-B, 1 CONDUTOR, 450/750 V, SECAO NOMINAL 16 MM2 | F107: =VLOOKUP(C107,'REF. CUSTO'!A:D,3,) -> M | G107: =VLOOKUP(C107,'REF. CUSTO'!A:D,4,) -> 15.66 | H107: =G107*(1+($J$7)) -> 20.066029 | I107: 50 | J107: =H107*I107 -> 1003.3014 | K107: =J107/$J$176 -> 0.0037399393
B108: 6.16 | C108: ED-14181 | D108: SEINFRA | E108: =VLOOKUP(C108,'REF. CUSTO'!A:D,2,) -> QUADRO DE DISTRIBUIÇÃO DE EMBUTIR EM PVC, PARA 12 DISJUNTORES DIN, INCLUSIVE BARRAMENTOS NEUTRO/TERRA, EXCLUSIVE BARRAMENTO DE FASE | F108: =VLOOKUP(C108,'REF. CUSTO'!A:D,3,) -> un | G108: =VLOOKUP(C108,'REF. CUSTO'!A:D,4,) -> 174.32 | H108: =G108*(1+($J$7)) -> 223.36591 | I108: 1 | J108: =H108*I108 -> 223.36591 | K108: =J108/$J$176 -> 0.00083262609
B109: 6.17 | C109: ED-20579 | D109: SEINFRA | E109: =VLOOKUP(C109,'REF. CUSTO'!A:D,2,) -> ENTRADA DE ENERGIA AÉREA, TIPO B1, PADRÃO CEMIG, CARGA INSTALADA DE ATÉ 10KW, BIFÁSICO, COM SAÍDA SUBTERRÂNEA, INCLUSIVE POSTE, CAIXA PARA MEDIDOR, DISJUNTOR, BARRAMENTO, ATERRAMENTO E ACESSÓRIOS | F109: =VLOOKUP(C109,'REF. CUSTO'!A:D,3,) -> un | G109: =VLOOKUP(C109,'REF. CUSTO'!A:D,4,) -> 2546.92 | H109: =G109*(1+($J$7)) -> 3263.5102 | I109: 1 | J109: =H109*I109 -> 3263.5102 | K109: =J109/$J$176 -> 0.012165168
B110: 6.18 | C110: 88264 | D110: SINAPI | E110: =VLOOKUP(C110,'REF. CUSTO'!A:D,2,) -> ELETRICISTA COM ENCARGOS COMPLEMENTARES | F110: =VLOOKUP(C110,'REF. CUSTO'!A:D,3,) -> H | G110: =VLOOKUP(C110,'REF. CUSTO'!A:D,4,) -> 28.98 | H110: =G110*(1+($J$7)) -> 37.133686 | I110: 32 | J110: =H110*I110 -> 1188.2779 | K110: =J110/$J$176 -> 0.0044294638
B111: 6.19 | C111: 88247 | D111: SINAPI | E111: =VLOOKUP(C111,'REF. CUSTO'!A:D,2,) -> AUXILIAR DE ELETRICISTA COM ENCARGOS COMPLEMENTARES | F111: =VLOOKUP(C111,'REF. CUSTO'!A:D,3,) -> H | G111: =VLOOKUP(C111,'REF. CUSTO'!A:D,4,) -> 23.51 | H111: =G111*(1+($J$7)) -> 30.12467 | I111: 32 | J111: =H111*I111 -> 963.98945 | K111: =J111/$J$176 -> 0.0035933987
B112: 7 | E112: REVESTIMNTO CERÂMICO | J112: =J113+J117 -> 25512.583 | K112: =J112/$J$176 -> 0.09510154
B113: 7.1 | E113: REVESTIMENTO CERÂMICO PISO | J113: =SUM(J114:J116) -> 17272.796 | K113: =J113/$J$176 -> 0.064386641
B114: 7.1.1 | C114: 87630 | D114: SINAPI | E114: =VLOOKUP(C114,'REF. CUSTO'!A:D,2,) -> CONTRAPISO EM ARGAMASSA TRAÇO 1:4 (CIMENTO E AREIA), PREPARO MECÂNICO COM BETONEIRA 400 L, APLICADO EM ÁREAS SECAS SOBRE LAJE, ADERIDO, ACABAMENTO NÃO REFORÇADO, ESPESSURA 3CM. AF_07/2021 | F114: =VLOOKUP(C114,'REF. CUSTO'!A:D,3,) -> M2 | G114: =VLOOKUP(C114,'REF. CUSTO'!A:D,4,) -> 43.51 | H114: =G114*(1+($J$7)) -> 55.751783 | I114: ='MEMORIA DE CALCULO'!G221 -> 93.4602 | J114: =H114*I114 -> 5210.5727 | K114: =J114/$J$176 -> 0.019423102
...

Sheet MEMORIA DE CALCULO
C2: MEMORIA DE CALCULO
C3: OBRA: REFORMA DA UBS MACHADINHO
C4: ENDEREÇO: PRAÇA ALOISIO MIRANDA SN -BAIRRO MACHADINHO - SERRO MG
B7: 2.1 - ENCARREGADO DE OBRA
B8: TEMPO OBRA-MÊS | C8: TEMPO HORA-MÊS | D8: HORAS P/SEMANA | G8: TOTAL
B9: 4 | C9: 50 | D9: 12.5 | G9: =B9*C9 -> 200
B11: 2.2 - ENGENHEIRO CIVIL PLENO
B12: TEMPO OBRA-MÊS | C12: TEMPO HORA-MÊS | D12: HORAS P/SEMANA | G12: TOTAL
B13: 4 | C13: 15 | D13: 3.75 | G13: =B13*C13 -> 60
B16: 3.1 - REMOÇÃO DE ESQUADRIAS
C17: LARGURA | D17: ALTURA | E17: LADOS | F17: QUANT. | G17: TOTAL
B18: JANELAS
B19: 100x100 | C19: 1 | D19: 1 | F19: 10 | G19: =C19*D19*F19 -> 10
B20: 140X105 | C20: 1.4 | D20: 1.05 | F20: 4 | G20: =C20*D20*F20 -> 5.88
F21: TOTAL | G21: =G19+G20 -> 15.88
B23: 3.2 - INSTALAÇÃO DE ESQUADRIAS
C24: LARGURA | D24: ALTURA | E24: LADOS | F24: QUANT. | G24: TOTAL
B25: JANELAS
B26: 100x100 | C26: 1 | D26: 1 | F26: 11 | G26: =C26*D26*F26 -> 11
F27: TOTAL | G27: =G26 -> 11
B30: 3.2.2 - VIDROS
C31: LARGURA | D31: COMPRIM. | E31: LADOS | F31: QUANT. | G31: TOTAL
B32: BSC01 | C32: 0.7 | D32: 0.7 | F32: 4 | G32: =C32*D32*F32 -> 1.96
B33: J1 | C33: 0.9 | D33: 0.9 | F33: 11 | G33: =C33*D33*2*F33 -> 17.82
F34: TOTAL | G34: =G32+G33 -> 19.78
B36: 3.2.3 - MASSA PARA VIDROS
B37: MASSA PARA VIDRO | C37: =C31 -> LARGURA | D37: =D31 -> COMPRIM. | E37: RENDIM.POR METRO | G37: TOTAL
B38: BSC01 | C38: 0.7 | D38: 0.7 | E38: 0.5 | F38: 4 | G38: =C38*4*F38*E38 -> 5.6
B39: J1 | C39: 0.9 | D39: 0.9 | E39: 0.5 | F39: 11 | G39: =C39*4*F39*E39 -> 19.8
F40: TOTAL | G40: =G38+G39 -> 25.4
B43: 3.3 - INSTALAÇÃO DAS PORTAS INTERNAS
C44: LARGURA | D44: ALTURA | E44: LADOS | F44: QUANT. | G44: TOTAL M²
B45: P1 | C45: 0.8 | D45: 2.1 | F45: 5 | G45: =C45*D45*F45 -> 8.4
B46: P2 | C46: 0.9 | D46: 2.1 | F46: 1 | G46: =C46*D46*F46 -> 1.89
B47: P3 | C47: 0.7 | D47: 2.1 | F47: 2 | G47: =C47*D47*F47 -> 2.94
B48: P4 | C48: 0.6 | D48: 2.1 | F48: 1 | G48: =C48*D48*F48 -> 1.26
B49: P5 | C49: 1.1 | D49: 2.1 | F49: 1 | G49: =C49*D49*F49 -> 2.31
F50: TOTAL | G50: =SUM(G45:G49) -> 16.8
B53: 3.3.8 - ALISARES
C54: LARGURA | D54: ALTURA | E54: POR PORTA | F54: QUANT. | G54: TOTAL
B55: P1 | C55: 0.8 | D55: 2.1 | E55: 2 | F55: 5 | G55: =E55*F55 -> 10
B56: P2 | C56: 0.9 | D56: 2.1 | E56: 2 | F56: 1 | G56: =E56*F56 -> 2
B57: P3 | C57: 0.7 | D57: 2.1 | E57: 2 | F57: 2 | G57: =E57*F57 -> 4
B58: P4 | C58: 0.6 | D58: 2.1 | E58: 2 | F58: 1 | G58: =E58*F58 -> 2
B59: P5 | C59: 1.1 | D59: 2.2 | E59: 2 | F59: 1 | G59: =E59*F59 -> 2
F60: TOTAL | G60: =SUM(G55:G59) -> 20
B63: 4.1.1 - LIXAMENTO PAREDES INTERNAS
B64: ANBIENTE | C64: LARGURA | D64: COMPRIM | E64: ALTURA | F64: VÃOS | G64: TOTAL
B65: SALA 01 | C65: 3.95 | D65: 4.9 | E65: 2.95 | F65: =0.8*2.1+1*1*2 -> 3.68 | G65: =C65*2+D65*2*E65-F65 -> 33.13
B66: SALA 02 | C66: 3.94 | D66: 4.9 | E66: =E65 -> 2.95 | F66: =0.8*2.1+1*1*2 -> 3.68 | G66: =C66*2+D66*2*E66-F66 -> 33.11
B67: SALA 03 | C67: 3.92 | D67: 4.85 | E67: 2.95 | F67: =0.8*2.1+1*1 -> 2.68 | G67: =C67*2+D67*2*E67-F67 -> 33.775
B68: SALA 04 | C68: 2.85 | D68: 2.93 | E68: 2.95 | F68: =0.8*2.1+1*1 -> 2.68 | G68: =C68*2+D68*2*E68-F68 -> 20.307
B69: SANITARIO 01 | C69: 1.15 | D69: 2.85 | E69: 2.95 | F69: =0.6*2.1+0.7*0.7 -> 1.75 | G69: =C69*2+D69*2*E69-F69 -> 17.365
B70: SANITARIO 02 | C70: 1.25 | D70: 2.05 | E70: 2.95 | F70: =0.7*2.1+0.7*0.7 -> 1.96 | G70: =C70*2+D70*2*E70-F70 -> 12.635
B71: SANITARIO PCD | C71: 1.7 | D71: 2.85 | E71: 2.95 | F71: =0.9*2.1+0.7*0.7 -> 2.38 | G71: =C71*2+D71*2*E71-F71 -> 17.835
B72: DESPENSA | C72: 1.15 | D72: 2.05 | E72: 2.95 | F72: =0.7*2.1+0.7*0.7 -> 1.96 | G72: =C72*2+D72*2*E72-F72 -> 12.435
B73: COZINHA A-1 | C73: 1.27 | D73: 2.2 | E73: 2.95 | F73: =1*1*2 -> 2 | G73: =C73*2+D73*2*E73-F73 -> 13.52
B74: COZINHA A-2 | C74: 2.65 | D74: 3.97 | E74: 2.95 | F74: =0.8*2.1 -> 1.68 | G74: =C74*2+D74*2*E74-F74 -> 27.043
B75: RECEPÇÃO | C75: 6.08 | D75: 7.24 | E75: 2.95 | F75: =(1.1*2.1)+(0.8*2.1*5)+(0.6*2.1)+(0.9*2.1)+(1*1*3) -> 16.86 | G75: =C75*2+D75*2*E75-F75 -> 38.016
B76: ENTRADA | C76: =2.2*2 -> 4.4 | D76: 4.9 | E76: 2.95 | F76: =1.4*2.2+1.1*2.2 -> 5.5 | G76: =C76*2+D76*2*E76-F76 -> 32.21
F77: TOTAL | G77: =SUM(G65:G76) -> 291.381
B79: 4.1.2 - EMASSAMENTO PAREDES INTERNAS
B80: ANBIENTE | C80: LARGURA | D80: COMPRIM | E80: ALTURA | F80: VÃOS | G80: TOTAL
B81: SALA 01 | C81: 3.95 | D81: 4.9 | E81: 2.95 | F81: =0.8*2.1+1*1*2 -> 3.68 | G81: =C81*2+D81*2*E81-F81 -> 33.13
B82: SALA 02 | C82: 3.94 | D82: 4.9 | E82: =E81 -> 2.95 | F82: =0.8*2.1+1*1*2 -> 3.68 | G82: =C82*2+D82*2*E82-F82 -> 33.11
B83: SALA 03 | C83: 3.92 | D83: 4.85 | E83: 2.95 | F83: =0.8*2.1+1*1 -> 2.68 | G83: =C83*2+D83*2*E83-F83 -> 33.775
B84: SALA 04 | C84: 2.85 | D84: 2.93 | E84: 2.95 | F84: =0.8*2.1+1*1 -> 2.68 | G84: =C84*2+D84*2*E84-F84 -> 20.307
B85: SANITARIO 01 | C85: 1.15 | D85: 2.85 | E85: 2.95 | F85: =0.6*2.1+0.7*0.7 -> 1.75 | G85: =C85*2+D85*2*E85-F85 -> 17.365
B86: SANITARIO 02 | C86: 1.25 | D86: 2.05 | E86: 2.95 | F86: =0.7*2.1+0.7*0.7 -> 1.96 | G86: =C86*2+D86*2*E86-F86 -> 12.635
B87: SANITARIO PCD | C87: 1.7 | D87: 2.85 | E87: 2.95 | F87: =0.9*2.1+0.7*0.7 -> 2.38 | G87: =C87*2+D87*2*E87-F87 -> 17.835
B88: DESPENSA | C88: 1.15 | D88: 2.05 | E88: 2.95 | F88: =0.7*2.1+0.7*0.7 -> 1.96 | G88: =C88*2+D88*2*E88-F88 -> 12.435
B89: COZINHA A-1 | C89: 1.27 | D89: 2.2 | E89: 2.95 | F89: =1*1*2 -> 2 | G89: =C89*2+D89*2*E89-F89 -> 13.52
B90: COZINHA A-2 | C90: 2.65 | D90: 3.97 | E90: 2.95 | F90: =0.8*2.1 -> 1.68 | G90: =C90*2+D90*2*E90-F90 -> 27.043
B91: RECEPÇÃO | C91: 6.08 | D91: 7.24 | E91: 2.95 | F91: =(1.1*2.1)+(0.8*2.1*5)+(0.6*2.1)+(0.9*2.1)+(1*1*3) -> 16.86 | G91: =C91*2+D91*2*E91-F91 -> 38.016
B92: ENTRADA | C92: =2.2*2 -> 4.4 | D92: 4.9 | E92: 2.95 | F92: =1.4*2.2+1.1*2.2 -> 5.5 | G92: =C92*2+D92*2*E92-F92 -> 32.21
F93: TOTAL | G93: =SUM(G81:G92) -> 291.381
B95: 4.1.3 - PINTURA PAREDES INTERNAS
B96: ANBIENTE | C96: LARGURA | D96: COMPRIM | E96: ALTURA | F96: VÃOS | G96: TOTAL
B97: SALA 01 | C97: 3.95 | D97: 4.9 | E97: 2.95 | F97: =(0.8*2.1)+(1*1*2) -> 3.68 | G97: =C97*2+D97*2*E97-F97 -> 33.13
B98: SALA 02 | C98: 3.94 | D98: 4.9 | E98: =E97 -> 2.95 | F98: =(0.8*2.1)+(1*1*2) -> 3.68 | G98: =C98*2+D98*2*E98-F98 -> 33.11
B99: SALA 03 | C99: 3.92 | D99: 4.85 | E99: 2.95 | F99: =0.8*2.1+1*1 -> 2.68 | G99: =C99*2+D99*2*E99-F99 -> 33.775
B100: SALA 04 | C100: 2.85 | D100: 2.93 | E100: 2.95 | F100: =0.8*2.1+1*1 -> 2.68 | G100: =C100*2+D100*2*E100-F100 -> 20.307
B101: SANITARIO 01 | C101: 1.15 | D101: 2.85 | E101: 2.95 | F101: =0.6*2.1+0.7*0.7 -> 1.75 | G101: =C101*2+D101*2*E101-F101 -> 17.365
B102: SANITARIO 02 | C102: 1.25 | D102: 2.05 | E102: 2.95 | F102: =0.7*2.1+0.7*0.7 -> 1.96 | G102: =C102*2+D102*2*E102-F102 -> 12.635
B103: SANITARIO PCD | C103: 1.7 | D103: 2.85 | E103: 2.95 | F103: =(0.9*2.1)+(0.7*0.7) -> 2.38 | G103: =C103*2+D103*2*E103-F103 -> 17.835
B104: DESPENSA | C104: 1.15 | D104: 2.05 | E104: 2.95 | F104: =0.7*2.1+0.7*0.7 -> 1.96 | G104: =C104*2+D104*2*E104-F104 -> 12.435
B105: COZINHA A-1 | C105: 1.27 | D105: 2.2 | E105: 2.95 | F105: =1*1 -> 1 | G105: =C105*2+D105*2*E105-F105 -> 14.52
B106: COZINHA A-2 | C106: 2.65 | D106: 3.97 | E106: 2.95 | F106: =(0.8*2.1)+(1*1) -> 2.68 | G106: =C106*2+D106*2*E106-F106 -> 26.043
B107: RECEPÇÃO | C107: 6.08 | D107: 7.24 | E107: 2.95 | F107: =(1.1*2.1)+(0.8*2.1*5)+(0.6*2.1)+(0.9*2.1)+(1*1*3) -> 16.86 | G107: =C107*2+D107*2*E107-F107 -> 38.016
B108: ENTRADA | C108: =2.2*2 -> 4.4 | D108: 4.9 | E108: 2.95 | F108: =1.4*2.2+1.1*2.2 -> 5.5 | G108: =C108*2+D108*2*E108-F108 -> 32.21
F109: TOTAL | G109: =SUM(G97:G108) -> 291.381
B111: 4.2.1 - LIXAR TETO
B112: ANBIENTE | C112: LARGURA | D112: COMPRIM | E112: ALTURA | F112: VÃOS | G112: TOTAL
B113: SALA 01 | C113: 3.95 | D113: 4.9 | G113: =C113*D113 -> 19.355
B114: SALA 02 | C114: 3.94 | D114: 4.9 | G114: =C114*D114 -> 19.306
B115: SALA 03 | C115: 3.92 | D115: 4.85 | G115: =C115*D115 -> 19.012
B116: SALA 04 | C116: 2.85 | D116: 2.93 | G116: =C116*D116 -> 8.3505
B117: SANITARIO 01 | C117: 1.15 | D117: 2.85 | G117: =C117*D117 -> 3.2775
B118: SANITARIO 02 | C118: 1.25 | D118: 2.05 | G118: =C118*D118 -> 2.5625
B119: SANITARIO PCD | C119: 1.7 | D119: 2.85 | G119: =C119*D119 -> 4.845
...

Sheet COTAÇÃO-001

Sheet INCC
C2: PREFEITURA DE MARABÁ - PARÁ
C4: SECRETARIA DE VIAÇÃO E OBRAS PÚBLICAS
A10: ATUALIZAÇÃO DOS VALORES COTADOS PELO INCC
C19: Sendo:
C21: R | D21: Valor retroagido
C22: I0 | D22: Índice de preço no mês da data base
C23: I1 | D23: Índice de preço referente ao mês de cotação
C24: V | D24: Valor do preço cotado
C27: CÁLCULO DO ÍNDICE DE RETROAÇÃO DOS VALORES COTADOS:
C30: I0 | D30: julho de 2014: | G30: 598.441
C31: I1 | D31: abril de 2017: | G31: 697.244
D41: R = | E41: =ROUND(((G31-G30)/G30),4) -> 0.1651 | G41: x V

Sheet LARGURA DE VALA
H8: 4 | I8: 600
E10: DIAMETRO NOMINAL | F10: COTA DE CORTE | G10: LARGURA DA VALA EM FUNÇÃO DO TIPO DE ESCORAMENTO E COTA DE CORTE
G11: PONTALETES | H11: CONTÍNUO E DESCONTÍNUO | I11: ESPECIAL | J11: METÁLICO - MADEIRA
F12: (m) | G12: (m) | H12: (m) | I12: (m) | J12: (m)
F13: 0-2 | G13: 0.8 | H13: 0.8 | I13: 0.9 | J13: - | L13: SE(H8<>"";SE(I8=200;SE(H8<2;'NBR 12266'!$I$17;SE(E(H8>=2;H8<4);'NBR 12266'!$I$18;SE(E(H8>=4;H8<6);'NBR 12266'!$I$19;SE(H8>=6;H8<8;'NBR 12266'!$I$20)))));"")
E14: 300 | F14: 2-4 | G14: 0.9 | H14: 1 | I14: 1.2 | J14: 1.85 | L14: SE(H8<>"";SE(E(I8>=250;I8<300);SE(H8<2;'NBR 12266'!$I$21;SE(E(H8>=2;H8<4);'NBR 12266'!$I$22;SE(E(H8>=4;H8<6);'NBR 12266'!$I$23;SE(H8>=6;H8<8;'NBR 12266'!$I$24)))));"")
F15: 4-6 | G15: 1 | H15: 1.2 | I15: 1.5 | J15: 2 | L15: SE(H8<>"";SE(E(I8>=350;I8<400);SE(H8<2;'NBR 12266'!$I$25;SE(E(H8>=2;H8<4);'NBR 12266'!$I$26;SE(E(H8>=4;H8<6);'NBR 12266'!$I$27;SE(H8>=6;H8<8;'NBR 12266'!$I$28)))));"")
F16: 6-8 | G16: 1.1 | H16: 1.4 | I16: 1.8 | J16: 2.15 | L16: SE(H8<>"";SE(I8=450;SE(H8<2;'NBR 12266'!$I$29;SE(E(H8>=2;H8<4);'NBR 12266'!$I$30;SE(E(H8>=4;H8<6);'NBR 12266'!$I$31;SE(H8>=6;H8<8;'NBR 12266'!$I$32)))));"")
F17: 0-2 | G17: 0.9 | H17: 1.1 | I17: 1.2 | J17: - | L17: SE(I8=500;SE(H8<2;'NBR 12266'!$I$33;SE(E(H8>=2;H8<4);'NBR 12266'!$I$34;SE(E(H8>=4;H8<6);'NBR 12266'!$I$35;SE(H8>=6;H8<8;'NBR 12266'!$I$36)))))
E18: 400 | F18: 2-4 | G18: 1 | H18: 1.3 | I18: 1.5 | J18: 2.15
F19: 4-6 | G19: 1.1 | H19: 1.5 | I19: 1.8 | J19: 2.3
F20: 6-8 | G20: 1.2 | H20: 1.7 | I20: 2.1 | J20: 2.45
F21: 0-2 | G21: 1.1 | H21: 1.3 | I21: 1.4 | J21: -
E22: 500 | F22: 2-4 | G22: 1.2 | H22: 1.5 | I22: 1.7 | J22: 2.35
F23: 4-6 | G23: 1.3 | H23: 1.7 | I23: 2 | J23: 2.5
F24: 6-8 | G24: 1.4 | H24: 1.9 | I24: 2.3 | J24: 2.65
F25: 0-2 | G25: 1.2 | H25: 1.4 | I25: 1.5 | J25: -
E26: 600 | F26: 2-4 | G26: 1.3 | H26: 1.6 | I26: 1.8 | J26: 2.45
F27: 4-6 | G27: 1.4 | H27: 1.8 | I27: 2.1 | J27: 2.6
F28: 6-8 | G28: 1.5 | H28: 2 | I28: 2.4 | J28: 2.75
F29: 0-2 | G29: 1.3 | H29: 1.5 | I29: 1.6 | J29: -
E30: 700 | F30: 2-4 | G30: 1.4 | H30: 1.7 | I30: 1.9 | J30: 2.55
F31: 4-6 | G31: 1.5 | H31: 1.9 | I31: 2.2 | J31: 2.7
F32: 6-8 | G32: 1.6 | H32: 2.1 | I32: 2.5 | J32: 2.85
F33: 0-2 | G33: 1.4 | H33: 1.6 | I33: 1.7 | J33: -
E34: 800 | F34: 2-4 | G34: 1.5 | H34: 1.8 | I34: 2 | J34: 2.65
F35: 4-6 | G35: 1.6 | H35: 2 | I35: 2.3 | J35: 2.8
F36: 6-8 | G36: 1.7 | H36: 2.2 | I36: 2.6 | J36: 2.9
F37: 0-2 | G37: 1.5 | H37: 1.7 | I37: 1.8 | J37: -
E38: 900 | F38: 2-4 | G38: 1.6 | H38: 1.9 | I38: 2.1 | J38: 2.75
F39: 4-6 | G39: 1.7 | H39: 2.1 | I39: 2.4 | J39: 2.9
F40: 6-8 | G40: 1.8 | H40: 2.3 | I40: 2.7 | J40: 3.05
F41: 0-2 | G41: 1.6 | H41: 1.8 | I41: 1.9 | J41: -
E42: 1000 | F42: 2-4 | G42: 1.7 | H42: 2 | I42: 2.1 | J42: 2.85
F43: 4-6 | G43: 1.8 | H43: 2.2 | I43: 2.5 | J43: 3
F44: 6-8 | G44: 1.9 | H44: 2.4 | I44: 2.8 | J44: 3.15
F45: 0-2 | G45: 1.8 | H45: 2 | I45: 2.1 | J45: -
E46: 1200 | F46: 2-4 | G46: 1.9 | H46: 2.2 | I46: 2.3 | J46: 3.05
F47: 4-6 | G47: 2 | H47: 2.4 | I47: 2.7 | J47: 3.2
F48: 6-8 | G48: 2.1 | H48: 2.6 | I48: 3 | J48: 3.35
F49: 0-2 | G49: 2.1 | H49: 2.3 | I49: 2.4 | J49: -
E50: 1500 | F50: 2-4 | G50: 2.2 | H50: 2.5 | I50: 2.6 | J50: 3.35
F51: 4-6 | G51: 2.3 | H51: 2.7 | I51: 3 | J51: 3.5
F52: 6-8 | G52: 2.4 | H52: 2.9 | I52: 3.3 | J52: 3.65
E54: ADUELAS
E55: LARGURA | F55: ALTURA | I55: LARGURA DE VALA
E56: 1200 | F56: 0.5 | I56: =(E56+300+600)/1000 -> 2.1
E57: 2000 | F57: 0.5 | I57: =(E57+300+600)/1000 -> 2.9
E58: 2500 | F58: 0.5 | I58: =(E58+300+600)/1000 -> 3.4
E59: 2500 | F59: 1 | I59: =(E59+300+600)/1000 -> 3.4
E60: 2x2500 | F60: 1 | I60: =(5000+600+600)/1000 -> 6.2
E61: 2500 | F61: 1.5 | I61: =(5000+600+600)/1000 -> 6.2
E62: 2x2500 | F62: 1.5 | I62: =(5000+600+600)/1000 -> 6.2
E63: 3500 | F63: 0.5 | I63: =(E63+300+600)/1000 -> 4.4

Sheet BDI SERVIÇOS
B1: COMPOSIÇÃO DE BDI
B3: OBRA: REFORMA DA UBS MACHADINHO
B4: ENDEREÇO: PRAÇA ALOISIO MIRANDA SN -BAIRRO MACHADINHO - SERRO MG
G6: =[44]ORÇAMENTO!H8 -> DATA: | H6: 06/11/2024
A8: ITEM COMPONENTE | B8: 1º QUARTIL | C8: MÉDIO | D8: 3º QUARTIL | E8: ADOTADO | G8: IMPOSTOS
A9: Seguro+Garantia - G+S | B9: 0.28 | C9: 0.49 | D9: 0.75 | E9: 0.49 | G9: PIS | H9: 0.65
A10: Risco - R | B10: 1 | C10: 1.39 | D10: 1.97 | E10: 1 | G10: COFINS | H10: 3
A11: Despesas Financeiras - DF | B11: 0.94 | C11: 0.99 | D11: 1.17 | E11: 1 | G11: ISS | H11: 2.5
A12: Administração Central - AC | B12: 3.43 | C12: 4.93 | D12: 6.71 | E12: 3.43 | G12: Contribuição Previdenciária sobre a renda bruta | H12: 4.5
A13: Lucro - L | B13: 6.74 | C13: 8.04 | D13: 9.4 | E13: 8.04
A14: Impostos - I | E14: =H14 -> 10.65 | G14: TOTAL | H14: =SUM(H9:H13) -> 10.65
A22: BDI CALCULADO = | B22: =(((1+E12/100+E9/100+E10/100)*(1+E11/100)*(1+E13/100)/(1-E14/100))-1)*100 -> 28.135561
A24: onde:
A25: AC = taxa de administração central
A26: S = taxa de seguros
A27: R = taxa de riscos
A28: G = taxa de garantias
A29: DF = taxa de despesas financeiras
A30: L = taxa de lucro/remuneração
A31: I = taxa de incidência de impostos (PIS, COFINS, ISS e CPRB)

Sheet BDI MATERIAIS
A2: PREFEITURA DE SERRO-MG
A5: BDI DE MATERIAIS
G7: =[44]ORÇAMENTO!H8 -> DATA: | H7: 09/2019
A9: ITEM COMPONENTE | B9: 1º QUARTIL | C9: MÉDIO | D9: 3º QUARTIL | E9: ADOTADO | G9: IMPOSTOS
A10: Seguro+Garantia - G+S | B10: 0.3 | C10: 0.48 | D10: 0.82 | E10: 0.79 | G10: PIS | H10: 0.65
A11: Risco - R | B11: 0.56 | C11: 0.85 | D11: 0.89 | E11: 0.89 | G11: COFINS | H11: 3
A12: Despesas Financeiras - DF | B12: 0.85 | C12: 0.85 | D12: 1.11 | E12: 0.85 | G12: ISS | H12: 0
A13: Administração Central - AC | B13: 1.5 | C13: 3.45 | D13: 4.49 | E13: 4.45 | G13: Contribuição Previdenciária sobre a renda bruta | H13: 0
A14: Lucro - L | B14: 3.5 | C14: 5.11 | D14: 6.22 | E14: 6.22
A15: Impostos - I | B15: 3.65 | C15: 3.65 | D15: 3.65 | E15: =H15 -> 3.65 | G15: TOTAL | H15: =SUM(H10:H14) -> 3.65
A23: BDI CALCULADO = | B23: =(((1+E13/100+E10/100+E11/100)*(1+E12/100)*(1+E14/100)/(1-E15/100))-1)*100 -> 17.996369
A25: onde:
A26: AC = taxa de administração central
A27: S = taxa de seguros
A28: R = taxa de riscos
A29: G = taxa de garantias
A30: DF = taxa de despesas financeiras
A31: L = taxa de lucro/remuneração
A32: I = taxa de incidência de impostos (PIS, COFINS, ISS e CPRB)

Sheet REF. CUSTO
B1: DESCRICAO - SINAPI 11-2025 - SETOP -10/2025 | C1: UNIDADE | D1: PREÇO
B2: COMPOSIÇÃO SINAPI
A3: 104658 | B3: PISO PODOTÁTIL DE ALERTA OU DIRECIONAL, DE CONCRETO, ASSENTADO SOBRE ARGAMASSA. AF_03/2024 | C3: M2 | D3: 156.86
A4: 105002 | B4: RAMPA DE ACESSIBILIDADE EM CONCRETO MOLDADO IN LOCO, EM CALÇADA NOVA COM LARGURA MAIOR OU IGUAL À 3,00 M, FCK 25MPA, COM PISO PODOTÁTIL. AF_03/2024 | C4: UN | D4: 737.77
A5: 105004 | B5: RAMPA DE ACESSIBILIDADE EM CONCRETO MOLDADO IN LOCO, EM CALÇADA NOVA COM LARGURA MENOR À 3,00 M, FCK 25MPA, COM PISO PODOTÁTIL. AF_03/2024 | C5: M2 | D5: 126.45
A6: 105003 | B6: RAMPA DE ACESSIBILIDADE EM CONCRETO MOLDADO IN LOCO, EM CALÇADA PRÉ EXISTENTE COM LARGURA MAIOR OU IGUAL À 3,00 M, FCK 25MPA, COM PISO PODOTÁTIL. AF_03/2024 | C6: UN | D6: 1167.44
A7: 105005 | B7: RAMPA DE ACESSIBILIDADE EM CONCRETO MOLDADO IN LOCO, EM CALÇADA PRÉ EXISTENTE COM LARGURA MENOR À 3,00 M, FCK 25MPA, COM PISO PODOTÁTIL. AF_03/2024 | C7: M2 | D7: 206
A8: 105006 | B8: RAMPA DE ACESSIBILIDADE EM CONCRETO PRÉ MOLDADO, EM CALÇADA NOVA COM LARGURA MAIOR OU IGUAL À 3,00 M, FCK 25MPA, COM PISO PODOTÁTIL. AF_03/2024 | C8: UN | D8: 0
A9: 104999 | B9: RAMPA DE ACESSIBILIDADE EM CONCRETO PRÉ MOLDADO, EM CALÇADA PRÉ EXISTENTE COM LARGURA MAIOR OU IGUAL À 3,00 M, FCK 25MPA, COM PISO PODOTÁTIL. AF_03/2024 | C9: UN | D9: 0
A10: 105000 | B10: RAMPA DE ACESSIBILIDADE PARA ACESSO A EDIFICAÇÕES COM INCLINAÇÃO DE 8,33% EM CONCRETO MOLDADO IN LOCO, COM LARGURA DE 1,20M, FCK 25MPA, NÃO ARMADA, COM JUNTA A CADA 2M COM CORTE À SECO. AF_03/2024 | C10: M | D10: 1470.71
A11: 105001 | B11: RAMPA DE ACESSIBILIDADE PARA ACESSO A EDIFICAÇÕES COM INCLINAÇÃO DE 8,33% EM CONCRETO MOLDADO IN LOCO, COM LARGURA DE 1,50M, FCK 25MPA, NÃO ARMADA, COM JUNTA A CADA 2M COM CORTE À SECO. AF_03/2024 | C11: M | D11: 1504.07
A12: 89306 | B12: ALVENARIA ESTRUTURAL DE BLOCOS CERÂMICOS 14X19X29, (ESPESSURA DE 14 CM), UTILIZANDO COLHER DE PEDREIRO E ARGAMASSA DE ASSENTAMENTO COM PREPARO EM BETONEIRA. AF_03/2023 | C12: M2 | D12: 97.56
A13: 89307 | B13: ALVENARIA ESTRUTURAL DE BLOCOS CERÂMICOS 14X19X29, (ESPESSURA DE 14 CM), UTILIZANDO COLHER DE PEDREIRO E ARGAMASSA DE ASSENTAMENTO COM PREPARO MANUAL. AF_03/2023 | C13: M2 | D13: 99.33
A14: 89290 | B14: ALVENARIA ESTRUTURAL DE BLOCOS CERÂMICOS 14X19X29, (ESPESSURA DE 14 CM), UTILIZANDO PALHETA E ARGAMASSA DE ASSENTAMENTO COM PREPARO EM BETONEIRA. AF_03/2023 | C14: M2 | D14: 80.93
... A9971: 103548 | B9971: VÁLVULA REDUTORA DE PRESSÃO DE FERRO FUNDIDO PARA REDE DE ÁGUA, DN 80 MM, JUNTA FLANGEADA. AF_12/2021 | C9971: UN | D9971: 0
B9973: INSUMOS SINAPI
A9974: 45333 | B9974: ABERTURA PARA ENCAIXE DE CUBA OU LAVATORIO EM BANCADA DE MARMORE/ GRANITO OU OUTRO TIPO DE PEDRA NATURAL | C9974: UN | D9974: 115.31
A9975: 11270 | B9975: ABRACADEIRA DE LATAO PARA FIXACAO DE CABO PARA-RAIO, DIMENSOES 32 X 24 X 24 MM | C9975: UN | D9975: 3.28
A9976: 412 | B9976: ABRACADEIRA DE NYLON PARA AMARRACAO DE CABOS, COMPRIMENTO DE *230* X *7,6* MM | C9976: UN | D9976: 1.02
A9977: 414 | B9977: ABRACADEIRA DE NYLON PARA AMARRACAO DE CABOS, COMPRIMENTO DE 100 X 2,5 MM | C9977: UN | D9977: 0.06
A9978: 410 | B9978: ABRACADEIRA DE NYLON PARA AMARRACAO DE CABOS, COMPRIMENTO DE 150 X *3,6* MM | C9978: UN | D9978: 0.15
A9979: 411 | B9979: ABRACADEIRA DE NYLON PARA AMARRACAO DE CABOS, COMPRIMENTO DE 200 X *4,6* MM | C9979: UN | D9979: 0.2
A9980: 408 | B9980: ABRACADEIRA DE NYLON PARA AMARRACAO DE CABOS, COMPRIMENTO DE 390 X *4,6* MM | C9980: UN | D9980: 0.99
A9981: 39131 | B9981: ABRACADEIRA EM ACO PARA AMARRACAO DE ELETRODUTOS, TIPO D, COM 1 1/2" E CUNHA DE FIXACAO | C9981: UN | D9981: 3.18
A9982: 394 | B9982: ABRACADEIRA EM ACO PARA AMARRACAO DE ELETRODUTOS, TIPO D, COM 1 1/2" E PARAFUSO DE FIXACAO | C9982: UN | D9982: 3.22
A9983: 39130 | B9983: ABRACADEIRA EM ACO PARA AMARRACAO DE ELETRODUTOS, TIPO D, COM 1 1/4" E CUNHA DE FIXACAO | C9983: UN | D9983: 2.9
A9984: 395 | B9984: ABRACADEIRA EM ACO PARA AMARRACAO DE ELETRODUTOS, TIPO D, COM 1 1/4" E PARAFUSO DE FIXACAO | C9984: UN | D9984: 3.1
A9985: 39129 | B9985: ABRACADEIRA EM ACO PARA AMARRACAO DE ELETRODUTOS, TIPO D, COM 1" E CUNHA DE FIXACAO | C9985: UN | D9985: 1.79
... A10017: 36246 | B10017: ACABAMENTO SIMPLES/CONVENCIONAL PARA FORRO PVC, TIPO "U" OU "C", COR BRANCA, COMPRIMENTO 6 M | C10017: M | D10017: 4.32
A10018: 37600 | B10018: ACESSORIO DE LIGACAO NAO ELETRICO PARA CARGAS EXPLOSIVAS, TUBO DE 6 M | C10018: UN
A10019: 37599 | B10019: ACESSORIO INICIADOR NAO ELETRICO, TUBO DE 6 M, TEMPO DE RETARDO DE *160* MS | C10019: UN
A10020: 1 | B10020: ACETILENO - RECARGA DE GAS PARA CILINDRO (NAO INCLUI TROCA/MANUTENCAO DO CILINDRO) | C10020: KG | D10020: 78.33
A10021: 3 | B10021: ACIDO CLORIDRICO / ACIDO MURIATICO, DILUICAO 10% A 12% PARA USO EM LIMPEZA | C10021: L | D10021: 21.25
A10022: 43054 | B10022: ACO CA-25, 10,0 MM, OU 12,5 MM, OU 16,0 MM, OU 20,0 MM, OU 25,0 MM, VERGALHAO | C10022: KG | D10022: 8.21
A10023: 42402 | B10023: ACO CA-25, 16,0 MM, BARRA DE TRANSFERENCIA | C10023: KG | D10023: 7.85
A10024: 42403 | B10024: ACO CA-25, 20,0 MM, BARRA DE TRANSFERENCIA | C10024: KG | D10024: 10.06
A10025: 42404 | B10025: ACO CA-25, 25,0 MM, BARRA DE TRANSFERENCIA | C10025: KG | D10025: 10.01
A10026: 42405 | B10026: ACO CA-25, 32,0 MM, BARRA DE TRANSFERENCIA | C10026: KG | D10026: 10.66
A10027: 34341 | B10027: ACO CA-25, 32,0 MM, VERGALHAO | C10027: KG | D10027: 9.25
A10028: 43053 | B10028: ACO CA-25, 6,3 MM OU 8,0 MM, VERGALHAO | C10028: KG | D10028: 7.33
A10029: 43058 | B10029: ACO CA-50, 10,0 MM, OU 12,5 MM, OU 16,0 MM, OU 20,0 MM, DOBRADO E CORTADO | C10029: KG | D10029: 7.6
A10030: 34 | B10030: ACO CA-50, 10,0 MM, VERGALHAO | C10030: KG | D10030: 7.64
A10031: 43055 | B10031: ACO CA-50, 12,5 MM OU 16,0 MM, VERGALHAO | C10031: KG | D10031: 6.62
... A10040: 43060 | B10040: ACO CA-60, 8,0 MM OU 9,5 MM, VERGALHAO | C10040: KG | D10040: 6.3
A10041: 40410 | B10041: ACOPLAMENTO RIGIDO EM FERRO FUNDIDO PARA SISTEMA DE TUBULACAO RANHURADA, DN 50 MM (2") | C10041: UN
A10042: 40411 | B10042: ACOPLAMENTO RIGIDO EM FERRO FUNDIDO PARA SISTEMA DE TUBULACAO RANHURADA, DN 65 MM (2 1/2") | C10042: UN
A10043: 40412 | B10043: ACOPLAMENTO RIGIDO EM FERRO FUNDIDO PARA SISTEMA DE TUBULACAO RANHURADA, DN 80 MM (3") | C10043: UN
A10044: 44254 | B10044: ADAPTADOR CPVC, ROSCAVEL, COM FLANGES E ANEL DE VEDACAO, 15 MM, CAIXA D'AGUA PARA AGUA QUENTE | C10044: UN | D10044: 30.45
A10045: 44255 | B10045: ADAPTADOR CPVC, ROSCAVEL, COM FLANGES E ANEL DE VEDACAO, 22 MM, CAIXA D'AGUA PARA AGUA QUENTE | C10045: UN | D10045: 33.75
A10046: 44256 | B10046: ADAPTADOR CPVC, ROSCAVEL, COM FLANGES E ANEL DE VEDACAO, 28 MM, CAIXA D'AGUA PARA AGUA QUENTE | C10046: UN | D10046: 38.12
A10047: 44257 | B10047: ADAPTADOR CPVC, ROSCAVEL, COM FLANGES E ANEL DE VEDACAO, 35 MM, CAIXA D'AGUA PARA AGUA QUENTE | C10047: UN | D10047: 60.31
A10048: 44258 | B10048: ADAPTADOR CPVC, ROSCAVEL, COM FLANGES E ANEL DE VEDACAO, 42 MM, CAIXA D'AGUA PARA AGUA QUENTE | C10048: UN | D10048: 68.92
A10049: 44259 | B10049: ADAPTADOR CPVC, ROSCAVEL, COM FLANGES E ANEL DE VEDACAO, 54 MM, CAIXA D'AGUA PARA AGUA QUENTE | C10049: UN | D10049: 94.6
A10050: 37997 | B10050: ADAPTADOR CPVC, SOLDAVEL, 15 MM, PARA AGUA QUENTE | C10050: UN | D10050: 18.14
A10051: 37998 | B10051: ADAPTADOR CPVC, SOLDAVEL, 22 MM, PARA AGUA QUENTE | C10051: UN | D10051: 24.28
A10052: 55 | B10052: ADAPTADOR DE COMPRESSAO EM POLIPROPILENO (PP), PARA TUBO EM PEAD, 20 MM X 1/2", PARA LIGACAO PREDIAL DE AGUA (NTS 179) | C10052: UN | D10052: 6.31
A10053: 61 | B10053: ADAPTADOR DE COMPRESSAO EM POLIPROPILENO (PP), PARA TUBO EM PEAD, 20 MM X 3/4", PARA LIGACAO PREDIAL DE AGUA (NTS 179) | C10053: UN | D10053: 5.97
A10054: 62 | B10054: ADAPTADOR DE COMPRESSAO EM POLIPROPILENO (PP), PARA TUBO EM PEAD, 32 MM X 1", PARA LIGACAO PREDIAL DE AGUA (NTS 179) | C10054: UN | D10054: 12.37
A10055: 10899 | B10055: ADAPTADOR EM LATAO, ENGATE RAPIDO 2 1/2" X ROSCA INTERNA 5 FIOS 2 1/2", PARA INSTALACAO PREDIAL DE COMBATE A INCENDIO | C10055: UN | D10055: 68.99
... A10115: 42409 | B10115: AGENTE DE CURA, PROTETOR DA EVAPORACAO DA AGUA DE HIDRATACAO DO CONCRETO | C10115: KG | D10115: 10.49
A10116: 40553 | B10116: AGREGADO RECICLADO, TIPO RACHAO RECICLADO CINZA, CLASSE A | C10116: M3
A10117: 6114 | B10117: AJUDANTE DE ARMADOR (HORISTA) | C10117: H | D10117: 16.3
A10118: 40912 | B10118: AJUDANTE DE ARMADOR (MENSALISTA) | C10118: MES | D10118: 2877.48
A10119: 247 | B10119: AJUDANTE DE ELETRICISTA (HORISTA) | C10119: H | D10119: 16.3
A10120: 40919 | B10120: AJUDANTE DE ELETRICISTA (MENSALISTA) | C10120: MES | D10120: 2877.48
A10121: 44499 | B10121: AJUDANTE DE ESTRUTURAS METALICAS (HORISTA) | C10121: H | D10121: 16.3
A10122: 40984 | B10122: AJUDANTE DE ESTRUTURAS METALICAS (MENSALISTA) | C10122: MES | D10122: 2877.48
A10123: 248 | B10123: AJUDANTE DE OPERACAO EM GERAL (HORISTA) | C10123: H | D10123: 17.65
A10124: 41086 | B10124: AJUDANTE DE OPERACAO EM GERAL (MENSALISTA) | C10124: MES | D10124: 3118.66
A10125: 34466 | B10125: AJUDANTE DE PINTOR (HORISTA) | C10125: H | D10125: 16.3
A10126: 41083 | B10126: AJUDANTE DE PINTOR (MENSALISTA) | C10126: MES | D10126: 2877.48
A10127: 252 | B10127: AJUDANTE DE SERRALHEIRO (HORISTA) | C10127: H | D10127: 16.3
A10128: 40909 | B10128: AJUDANTE DE SERRALHEIRO (MENSALISTA) | C10128: MES | D10128: 2877.48
... A10130: 41085 | B10130: AJUDANTE ESPECIALIZADO (MENSALISTA) | C10130: MES | D10130: 3118.66
A10131: 427 | B10131: ALCA PREFORMADA DE CONTRA POSTE, EM ACO GALVANIZADO, PARA CABO 3/16", COMPRIMENTO *860* MM | C10131: UN
A10132: 417 | B10132: ALCA PREFORMADA DE DISTRIBUICAO, EM ACO GALVANIZADO, PARA CABO DE ALUMINIO DIAMETRO 16 A 25 MM | C10132: UN
A10133: 11273 | B10133: ALCA PREFORMADA DE DISTRIBUICAO, EM ACO GALVANIZADO, PARA CONDUTORES DE ALUMINIO AWG 1/0 (CAA 6/1 OU CA 7 FIOS) | C10133: UN
A10134: 11272 | B10134: ALCA PREFORMADA DE DISTRIBUICAO, EM ACO GALVANIZADO, PARA CONDUTORES DE ALUMINIO AWG 2 (CAA 6/1 OU CA 7 FIOS) | C10134: UN
A10135: 11275 | B10135: ALCA PREFORMADA DE SERVICO, EM ACO GALVANIZADO, PARA CONDUTORES DE ALUMINIO AWG 4 (CAA 6/1) | C10135: UN
A10136: 11274 | B10136: ALCA PREFORMADA DE SERVICO, EM ACO GALVANIZADO, PARA CONDUTORES DE ALUMINIO AWG 6 (CAA 6/1) | C10136: UN
A10137: 45208 | B10137: ALICATE AMPERIMETRO, TENSAO AC/DC, CAPACIDADE MAXIMA 1000 A | C10137: UN | D10137: 248.92
A10138: 45250 | B10138: ALICATE BICO LONGO (MEIA CANA) 6", COM ISOLAMENTO ATE 1000 V | C10138: UN | D10138: 43.81
A10139: 38470 | B10139: ALICATE DE CORTE DIAGONAL 6" COM ISOLAMENTO | C10139: UN | D10139: 44.85
A10140: 38547 | B10140: ALICATE DE CRIMPAR RJ11, RJ12 E RJ45, COM CATRACA | C10140: UN | D10140: 297.77
A10141: 38467 | B10141: ALICATE DE PRESSAO 11" PARA SOLDA, TIPO C | C10141: UN | D10141: 148.35
A10142: 38468 | B10142: ALICATE DE PRESSAO 11" PARA SOLDA, TIPO U | C10142: UN | D10142: 185.18
A10143: 38469 | B10143: ALICATE DE PRESSAO PARA SOLDA DE CHAPA 18" | C10143: UN | D10143: 284.32
A10144: 45197 | B10144: ALICATE DESENCAPADOR AUTOMATICO 8" | C10144: UN | D10144: 226.75
A10145: 38471 | B10145: ALICATE PARA ANEIS DE PISTAO, CAPACIDADE *50* A 100 MM | C10145: UN | D10145: 304.09
A10146: 45206 | B10146: ALICATE PROFISSIONAL 8", UNIVERSAL, COM ISOLAMENTO ATE 1000 V | C10146: UN | D10146: 60.08
A10147: 37370 | B10147: ALIMENTACAO - HORISTA (COLETADO CAIXA - ENCARGOS COMPLEMENTARES) | C10147: H | D10147: 2.12
A10148: 40862 | B10148: ALIMENTACAO - MENSALISTA (COLETADO CAIXA - ENCARGOS COMPLEMENTARES) | C10148: MES | D10148: 399.66
A10149: 10658 | B10149: ALISADORA DE CONCRETO COM MOTOR A GASOLINA DE 5,5 HP, PESO COM MOTOR DE 78 KG, 4 PAS | C10149: UN
A10150: 253 | B10150: ALMOXARIFE (HORISTA) | C10150: H | D10150: 22.36
A10151: 40809 | B10151: ALMOXARIFE (MENSALISTA) | C10151: MES | D10151: 3947.58
A10152: 42428 | B10152: ALONGADOR COM TRES ALTURAS, EM TUBO DE ACO CARBONO, PINTURA NO PROCESSO ELETROSTATICO - EQUIPAMENTO DE GINASTICA PARA ACADEMIA AO AR LIVRE / ACADEMIA DA TERCEIRA IDADE - ATI | C10152: UN
A10153: 301 | B10153: ANEL BORRACHA PARA TUBO ESGOTO PREDIAL, DN 100 MM (NBR 5688) | C10153: UN | D10153: 2.98
A10154: 296 | B10154: ANEL BORRACHA PARA TUBO ESGOTO PREDIAL, DN 50 MM (NBR 5688) | C10154: UN | D10154: 1.68
A10155: 297 | B10155: ANEL BORRACHA PARA TUBO ESGOTO PREDIAL, DN 75 MM (NBR 5688) | C10155: UN | D10155: 2.47
A10156: 299 | B10156: ANEL BORRACHA, DN 100 MM, PARA TUBO SERIE REFORCADA ESGOTO PREDIAL | C10156: UN | D10156: 3.49
...

Sheet CRONOGRAMA
B2: CRONOGRAMA
B3: OBRA: REFORMA DA UBS MACHADINHO
B4: ENDEREÇO: PRAÇA ALOISIO MIRANDA SN -BAIRRO MACHADINHO - SERRO MG
A7: OBRA | B7: REFORMA DA UBS MACHADINHO
A8: Item | B8: Etapa | C8: R$ Parcial | D8: Mês 1 | E8: Mês 2 | F8: Mês 3 | G8: Mês 4
A9: 1 | B9: ='PLANILHA '!E9 -> SERVIÇOS PRELIMINARES | C9: ='PLANILHA '!J9 -> 4527.9263 | D9: =$C$9*0.4 -> 1811.1705 | E9: =$C$9*0.2 -> 905.58526 | F9: =$C$9*0.2 -> 905.58526 | G9: =$C$9*0.2 -> 905.58526
A10: 2 | B10: ='PLANILHA '!E15 -> ADMINISTRAÇÃO | C10: ='PLANILHA '!J15 -> 26267.534 | D10: =$C$10*0.25 -> 6566.8834 | E10: =$C$10*0.25 -> 6566.8834 | F10: =$C$10*0.25 -> 6566.8834 | G10: =$C$10*0.25 -> 6566.8834
B11: NIVEL TÉRREO 00
A12: 3 | B12: ='PLANILHA '!E19 -> REMOÇÃO E INSTALAÇÃO DE ESQUADRIAS | C12: ='PLANILHA '!J19 -> 39593.106 | D12: =C12*0.5 -> 19796.553 | E12: =C12*0.5 -> 19796.553
A13: 4 | B13: ='PLANILHA '!E36 -> PINTURA | C13: ='PLANILHA '!J36 -> 41544.842 | E13: =C13*0.4 -> 16617.937 | F13: =C13*0.3 -> 12463.453 | G13: =C13*0.3 -> 12463.453
A14: 5 | B14: ='PLANILHA '!E54 -> INSTALAÇÕES HIDRAULICAS | C14: ='PLANILHA '!J54 -> 16596.003 | D14: =C14*0.35 -> 5808.6009 | E14: =C14*0.35 -> 5808.6009 | F14: =C14*0.3 -> 4978.8008
A15: 6 | B15: ='PLANILHA '!E92 -> INSTALAÇÕES ELÉTRICAS | C15: ='PLANILHA '!J92 -> 11351.978 | E15: =C15*0.45 -> 5108.39 | F15: =C15*0.45 -> 5108.39 | G15: =C15*0.1 -> 1135.1978
A16: 7 | B16: ='PLANILHA '!E112 -> REVESTIMNTO CERÂMICO | C16: ='PLANILHA '!J112 -> 25512.583 | D16: =C16*0.1 -> 2551.2583 | E16: =C16*0.5 -> 12756.291 | F16: =C16*0.4 -> 10205.033
A17: 8 | B17: ='PLANILHA '!E120 -> ÁREA EXTERNA DA ENTRADA PRINCIPAL | C17: ='PLANILHA '!J120 -> 6781.8364 | E17: =C17*0.5 -> 3390.9182 | F17: =C17*0.5 -> 3390.9182
A18: 9 | B18: ='PLANILHA '!E130 -> REPARO E MANUTENÇÃO DA COBERTURA | C18: ='PLANILHA '!J130 -> 6777.6141 | D18: =C18*0.5 -> 3388.8071 | E18: =C18*0.5 -> 3388.8071
B19: NIVEL SUBSOLO -280
A20: 10 | B20: ='PLANILHA '!E134 -> REMOÇÃO E INSTALAÇÃO DE ESQUADRIAS | C20: ='PLANILHA '!J134 -> 5808.4577 | D20: =C20*0.5 -> 2904.2288 | E20: =C20*0.5 -> 2904.2288
A21: 11 | B21: PINTURA PAREDES | C21: ='PLANILHA '!J139 -> 5365.6874 | E21: =C21*0.4 -> 2146.275 | F21: =C21*0.3 -> 1609.7062 | G21: =C21*0.3 -> 1609.7062
A22: 12 | B22: INSTALAÇÃO DE ESQUADRIAS | C22: ='PLANILHA '!J147 -> 10544.375 | D22: =C22*0.5 -> 5272.1876 | E22: =C22*0.5 -> 5272.1876
A23: 13 | B23: ='PLANILHA '!E153 -> PINTURA DE ESQUADRIAS | C23: ='PLANILHA '!J153 -> 1144.891 | E23: =C23*0.4 -> 457.95639 | F23: =C23*0.3 -> 343.4673 | G23: =C23*0.3 -> 343.4673
A24: 14 | B24: ='PLANILHA '!E158 -> INSTALAÇÕES ELÉTRICAS DO SUBSOLO | C24: ='PLANILHA '!J158 -> 5246.0493 | E24: =C24*0.45 -> 2360.7222 | F24: =C24*0.45 -> 2360.7222 | G24: =C24*0.1 -> 524.60493
A25: 15 | B25: ='PLANILHA '!E164 -> ACESSIBILIDADE ÁREA EXTERNA DO SUBSOLO | C25: ='PLANILHA '!J164 -> 52313.539 | F25: =C25*0.5 -> 26156.77 | G25: =C25*0.5 -> 26156.77
A26: 16 | B26: ='PLANILHA '!E170 -> SERVIÇOS DIVERSOS | C26: ='PLANILHA '!J170 -> 4635.3272 | E26: =C26*0.5 -> 2317.6636 | F26: =C26*0.5 -> 2317.6636
A27: 17 | B27: ='PLANILHA '!E173 -> LIMPEZA DA OBRA | C27: ='PLANILHA '!J173 -> 4255.0191 | D27: =C27*0.35 -> 1489.2567 | E27: =C27*0.15 -> 638.25286 | F27: =C27*0.15 -> 638.25286 | G27: =C27*0.35 -> 1489.2567
A28: TOTAL | C28: =SUM(C9:C27) -> 268266.77 | D28: =SUM(D9:D27) -> 49588.947 | E28: =SUM(E9:E27) -> 90437.253 | F28: =SUM(F9:F27) -> 77045.645 | G28: =SUM(G9:G27) -> 51194.924
